Workbook
Name _ftn1: '4. ELEMENTOS PAPELERÍA (UR)_RU'!#REF!
Name _ftn1: '4. ELEMENTOS PAPELERÍA_RU'!#REF!
Name _ftnref1: '4. ELEMENTOS PAPELERÍA (UR)_RU'!#REF!
Name _ftnref1: '4. ELEMENTOS PAPELERÍA_RU'!#REF!
Name a: #REF!
Name a: #REF!
Name ABRIL: #REF!
Name ABRIL: #REF!
Name add: #REF!
Name add: #REF!
Name ADR: #REF!
Name ADR: #REF!
Name ADRIANA: #REF!
Name ADRIANA: #REF!
Name AGOSTO: #REF!
Name AGOSTO: #REF!
Name ALEJA: #REF!
Name ALEJA: #REF!
Name Construccion_en_Sitio_Propio___CSP: #REF!
Name Construccion_en_Sitio_Propio___CSP: #REF!
Name d: #REF!
Name d: #REF!
Name DICIEMBRE: #REF!
Name DICIEMBRE: #REF!
Name e: #REF!
Name e: #REF!
Name EFECTIVO: #REF!
Name EFECTIVO: #REF!
Name ENERO: #REF!
Name ENERO: #REF!
Name FEBRERO: #REF!
Name FEBRERO: #REF!
Name H: #REF!
Name H: #REF!
Name jsjsjsjsjsj: #REF!
Name jsjsjsjsjsj: #REF!
Name JULIO: #REF!
Name JULIO: #REF!
Name JUNIO: #REF!
Name JUNIO: #REF!
Name juun: #REF!
Name juun: #REF!
Name lulu: #REF!
Name lulu: #REF!
Name MARZO: #REF!
Name MARZO: #REF!
Name MAYO: #REF!
Name MAYO: #REF!
Name migue: #REF!
Name migue: #REF!
Name MIGUEL: #REF!
Name MIGUEL: #REF!
Name NOVIEMBRE: #REF!
Name NOVIEMBRE: #REF!
Name OCTUBRE: #REF!
Name OCTUBRE: #REF!
Name OTROS_ACT_CORRIENTES: #REF!
Name OTROS_ACT_CORRIENTES: #REF!
Name PABLO: #REF!
Name PABLO: #REF!

Sheet INSTRUCTIVO

Sheet 0. CONSOLIDADA RURAL
B3: SECRETARIA DISTRITAL DE LA MUJER
B4: ANEXO DE OFERTA ECONÓMICA LOTE 2 MODALIDAD RURAL
B6: Objeto: LOTE 2 MODALIDAD RURAL - Prestar el servicio integral para la puesta en marcha y funcionamiento de la Modalidad Rural de las Casas Refugio para la atención a mujeres rurales y/o campesinas víctimas de violencias y sus personas a cargo, de acuerdo con las características técnicas descritas en el Anexo Técnico y las normas vigentes que regulan la materia.
B7: NOMBRE PERSONA JURÍDICA Ó NATURAL:
B8: No. IDENTIFICACIÓN:
B9: DIRECCIÓN:
B10: TELÉFONO:
B11: E-MAIL:
B12: PAGINA WEB:
B13: VIGENCIA DE LA PROPUESTA:
B14: ESPECIFICACIONES DE SERVICIO
B15: A. SERVICIOS PERMANENTES
B16: TALENTO HUMANO (VER ANEXO TÉCNICO, NUMERAL 5.3.1) | C16: CANTIDAD | D16: COSTO UNITARIO MÁXIMO | E16: COSTO UNITARIO OFERTADO | F16: COSTO UNITARIO OFERTADO REDONDEADO | G16: TOTAL | I16: VIGILANCIA | J16: CANTIDAD | K16: COSTO UNITARIO MÁXIMO (incluido Iva) | L16: COSTO UNITARIO OFERTADO (incluido Iva) | M16: COSTO UNITARIO OFERTADO REDONDEADO | N16: COSTO TOTAL (Incluido Iva)
B17: COORDINADORA ADMINISTRATIVA | C17: 1 | D17: 7420300 | F17: =ROUND(E17,0) -> 0 | G17: =ROUND(((F17)*C17),0) -> 0 | I17: (VER ANEXO TÉCNICO, NUMERAL 5.3.3)
B18: COORDINADORA TÉCNICA | C18: 1 | D18: 7420300 | F18: =ROUND(E18,0) -> 0 | G18: =ROUND(((F18)*C18),0) -> 0 | I18: RECURSO HUMANO SIN ARMA (24 HORAS) | J18: 1 | K18: 19746900 | M18: =ROUND(L18,0) -> 0 | N18: =ROUND(((M18)*J18),0) -> 0
B19: APOYO ADMINISTRATIVO | C19: 1 | D19: 3907700 | F19: =ROUND(E19,0) -> 0 | G19: =ROUND(((F19)*C19),0) -> 0 | I19: SISTEMA DE 8 CÁMARAS (1 EXTERNA Y 7 INTERNAS) | J19: 1 | K19: 1966800 | M19: =ROUND(L19,0) -> 0 | N19: =ROUND(((M19)*J19),0) -> 0
B20: APOYO DE GESTIÓN DOCUMENTAL | C20: 1 | D20: 3907700 | F20: =ROUND(E20,0) -> 0 | G20: =ROUND(((F20)*C20),0) -> 0 | I20: EQUIPO CON CAPACIDAD DE GRABACIÓN Y COPIAS DE SEGURIDAD MÍNIMO 30 DÍAS | J20: 1 | K20: 1267500 | M20: =ROUND(L20,0) -> 0 | N20: =ROUND(((M20)*J20),0) -> 0
B21: PSICÓLOGA | C21: 1 | D21: 5142300 | F21: =ROUND(E21,0) -> 0 | G21: =ROUND(((F21)*C21),0) -> 0 | I21: BOTÓN DE PANICO CON SIRENA | J21: 2 | K21: 273800 | M21: =ROUND(L21,0) -> 0 | N21: =ROUND(((M21)*J21),0) -> 0
B22: TRABAJADORA SOCIAL | C22: 1 | D22: 5142300 | F22: =ROUND(E22,0) -> 0 | G22: =ROUND(((F22)*C22),0) -> 0 | I22: TOTAL ESTIMADO VIGILANCIA MES | N22: =+SUM(N18:N21) -> 0
B23: ABOGADA | C23: 1 | D23: 5142300 | F23: =ROUND(E23,0) -> 0 | G23: =ROUND(((F23)*C23),0) -> 0
B24: PEDAGOGA, PSICOPEDAGOGA O LICENCIADA EN EDUCACIÓN | C24: 2 | D24: 5142300 | F24: =ROUND(E24,0) -> 0 | G24: =ROUND(((F24)*C24),0) -> 0 | I24: TRANSPORTE (VER ANEXO TÉCNICO, NUMERAL 6.1) | J24: CANTIDAD | K24: COSTO UNITARIO MÁXIMO (incluido Iva) | L24: COSTO UNITARIO OFERTADO (incluido Iva) | M24: COSTO UNITARIO OFERTADO REDONDEADO | N24: COSTO TOTAL (Incluido Iva)
B25: ENFERMERA | C25: 1 | D25: 5142300 | F25: =ROUND(E25,0) -> 0 | G25: =ROUND(((F25)*C25),0) -> 0 | I25: TRANSPORTE PÚBLICO A DEMANDA MES | J25: 1 | K25: 2541300 | M25: =ROUND(L25,0) -> 0 | N25: =ROUND(((M25)*J25),0) -> 0
B26: AUXILIAR TÉCNICA DE ENFERMERÍA | C26: 3 | D26: 3341100 | F26: =ROUND(E26,0) -> 0 | G26: =ROUND(((F26)*C26),0) -> 0 | I26: SERVICIO DE ALOJAMIENTO (VER ANEXO TÉCNICO, NUMERAL 5.3.2) | J26: CANTIDAD | K26: COSTO UNITARIO MÁXIMO (incluido Iva) | L26: COSTO UNITARIO OFERTADO (incluido Iva) | M26: COSTO UNITARIO OFERTADO REDONDEADO | N26: COSTO TOTAL (Incluido Iva)
B27: NUTRICIONISTA | C27: 1 | D27: 5142300 | F27: =ROUND(E27,0) -> 0 | G27: =ROUND(((F27)*C27),0) -> 0 | I27: INMUEBLE (VER NOTA 7) | J27: 1 | K27: 16251500 | M27: =ROUND(L27,0) -> 0 | N27: =ROUND(((M27)*J27),0) -> 0
B28: TÉCNICA PROFESIONAL O TECNÓLOGA AGROPECUARIA | C28: 1 | D28: 4275600 | F28: =ROUND(E28,0) -> 0 | G28: =ROUND(((F28)*C28),0) -> 0 | I28: ASEO INSTITUCIONAL (Detalle Hoja de Cálculo: 5. Aseo Institucional) | J28: 1 | K28: =+'5. ASEO INSTITUCIONAL_RU'!F45 -> 1474000 | L28: =+'5. ASEO INSTITUCIONAL_RU'!I45 -> 0 | M28: =ROUND(L28,0) -> 0 | N28: =ROUND(((M28)*J28),0) -> 0
B29: OPERARIAS DE SERVICIOS GENERALES | C29: 2 | D29: 2997000 | F29: =ROUND(E29,0) -> 0 | G29: =ROUND(((F29)*C29),0) -> 0 | I29: SERVICIOS PÚBLICOS | J29: 1 | K29: 4323300 | M29: =ROUND(L29,0) -> 0 | N29: =ROUND(((M29)*J29),0) -> 0
B30: OPERARIAS DE COCINA | C30: 3 | D30: 2997000 | F30: =ROUND(E30,0) -> 0 | G30: =ROUND(((F30)*C30),0) -> 0 | I30: DOTACIÓN (VER NOTA 9 a 12) (Detalle Hoja de Cálculo: 6. Dotación) | J30: 1 | K30: =+'6. DOTACIÓN_RU'!F136 -> 7175090 | L30: =+'6. DOTACIÓN_RU'!I136 -> 0 | M30: =ROUND(L30,0) -> 0 | N30: =ROUND(((M30)*J30),0) -> 0
B31: TOTAL ESTIMADO TALENTO HUMANO MES | C31: =SUM(C17:C30) -> 20 | G31: =SUM(G17:H30) -> 0 | I31: MATERIALES O INSUMOS DE MANTENIMIENTO HUERTA AGROECOLÓGICA (Detalle Hoja de Cálculo: 7. Huerta Agroecológic) | J31: 1 | K31: =+'7. HUERTA AGRO_RU'!F41 -> 415200 | L31: =+'7. HUERTA AGRO_RU'!I41 -> 0 | M31: =ROUND(L31,0) -> 0 | N31: =ROUND(((M31)*J31),0) -> 0
I32: TOTAL ESTIMADO ALOJAMIENTO MES | N32: =SUM(N27:N31) -> 0
B33: GASTOS DE ADMINISTRACIÓN DEL OPERADOR (VER ANEXO TÉCNICO, NUMERAL 8) | C33: CANTIDAD | D33: COSTO UNITARIO MÁXIMO | E33: COSTO UNITARIO OFERTADO | F33: COSTO UNITARIO OFERTADO REDONDEADO | G33: TOTAL
B34: MES | C34: 1 | D34: 11516800 | F34: =ROUND(E34,0) -> 0 | G34: =ROUND(((F34)*C34),0) -> 0
B35: B. SERVICIOS RECONOCIDOS POR DEMANDA
B36: ASISTENCIA ALIMENTARIA (VER ANEXO TÉCNICO, NUMERAL 6.2 Y ANEXO A) | C36: CANTIDAD | D36: FORMULA DE INICIO | E36: Desayuno COSTO UNITARIO MÁXIMO | F36: Almuerzo COSTO UNITARIO MÁXIMO | H36: Cena COSTO UNITARIO MÁXIMO | I36: Refrigerio COSTO UNITARIO MÁXIMO | J36: VALOR UNITARIO A COTIZAR (No corresponde IVA Art. 476 E.T) | K36: ELEMENTOS DE HIGIENE Y ASEO PERSONAL ENTREGADOS POR DEMANDA Y OTROS ELEMENTOS DE HIGIENE Y ASEO PERSONAL RECONOCIDOS A DEMANDA (VER ANEXO TÉCNICO NUMERAL 6.3.2 y 6.3.3) (Detalle Hoja de Cálculo: 1. Elementos HigienePorDemanda) | L36: CANTIDAD | M36: COSTO TOTAL MÁXIMO (incluido Iva) | N36: COSTO OFERTADO (incluido Iva) | O36: COSTO TOTAL OFERTADO (incluido Iva)
B37: 0 a 5 meses Formula de iniciación | C37: 0.01 | E37: NA | F37: NA | H37: NA | I37: NA | J37: =+ROUND($C$49*C37,0)*D37 -> 0 | K37: Elementos de higiene y aseo personal entregados por demanda y otros elementos de higiene y aseo personal reconocidos a demanda. | L37: 1 | M37: =+ROUND('1. ELEMENTOS HIGIENE PORDEMRU'!F52*L37,0) -> 3353500 | N37: =+'1. ELEMENTOS HIGIENE PORDEMRU'!I52 -> 0 | O37: =+ROUND(N37*L37,0) -> 0
B38: 6 a 11 meses Formula de Continuación o Etapa 2 | C38: 0.02 | E38: NA | F38: NA | H38: NA | I38: NA | J38: =+ROUND($C$49*C38,0)*D38 -> 0
B39: 6 a 8 meses Desayuno, almuerzo, cena y 2 refrigerios | C39: 0.01 | D39: NA | J39: =+ROUND((E39+F39+H39+(I39*2))*ROUND(C39*$C$49,0),0) -> 0
B40: 9 a 11 meses Desayuno, almuerzo, cena y 2 refrigerios | C40: 0.02 | D40: NA | J40: =+ROUND((E40+F40+H40+(I40*2))*ROUND(C40*$C$49,0),0) -> 0 | K40: VESTUARIO (VER ANEXO TÉCNICO NUMERAL 6.4) (Detalle Hoja de Cálculo: 2. Vestuario) | L40: CANTIDAD | M40: COSTO TOTAL MÁXIMO (incluido Iva) | N40: =+$N$36 -> COSTO OFERTADO (incluido Iva) | O40: =+$O$36 -> COSTO TOTAL OFERTADO (incluido Iva)
B41: 1 a 3 años y 11 meses Desayuno, almuerzo, cena y 2 refrigerios | C41: 0.08 | D41: NA | J41: =+ROUND((E41+F41+H41+(I41*2))*ROUND(C41*$C$49,0),0) -> 0
B42: 4 a 6 años y 11 meses Desayuno, almuerzo, cena y 2 refrigerios | C42: 0.07 | D42: NA | J42: =+ROUND((E42+F42+H42+(I42*2))*ROUND(C42*$C$49,0),0) -> 0 | K42: Vestuario | L42: 0.52 | M42: =+ROUND('2. VESTUARIORU'!F63*L42,-2) -> 1410400 | N42: =+'2. VESTUARIORU'!I63 -> 0 | O42: =+ROUND(N42*L42,-2) -> 0
B43: 7 a 12 años y 11 meses Desayuno, almuerzo, cena y 2 refrigerios | C43: 0.11 | D43: NA | J43: =+ROUND((E43+F43+H43+(I43*2))*ROUND(C43*$C$49,0),0) -> 0 | K43: ORIENTACIÓN, GESTIÓN Y SEGUIMIENTO DE SERVICIOS EN SALUD (VER ANEXO TÉCNICO NUMERAL 6.5) (Detalle Hoja de Cálculo: 3. Orientación Salud) | L43: CANTIDAD | M43: COSTO TOTAL MÁXIMO (incluido Iva) | N43: =+$N$36 -> COSTO OFERTADO (incluido Iva) | O43: =+$O$36 -> COSTO TOTAL OFERTADO (incluido Iva)
B44: 13 a 17 años, y 11 meses Desayuno, almuerzo, cena y 2 refrigerios | C44: 0.05 | D44: NA | J44: =+ROUND((E44+F44+H44+(I44*2))*ROUND(C44*$C$49,0),0) -> 0
B45: 18 a 59 años y 11 meses Desayuno, almuerzo, cena y 2 refrigerios | C45: 0.19 | D45: NA | J45: =+ROUND((E45+F45+H45+(I45*2))*ROUND(C45*$C$49,0),0) -> 0 | K45: Orientación, gestión y seguimiento de servicios en salud | L45: 0.41 | M45: =ROUND('3. ORIENTACIÓN EN SALUD_RU'!F52*L45,-2) -> 445000 | N45: =+'3. ORIENTACIÓN EN SALUD_RU'!I52 -> 0 | O45: =+ROUND(N45*L45,-2) -> 0
B46: 60 años y más Desayuno, almuerzo, cena y 2 refrigerios | C46: 0.01 | D46: NA | J46: =+ROUND((E46+F46+H46+(I46*2))*ROUND(C46*$C$49,0),0) -> 0 | K46: ELEMENTOS DE PAPELERÍA PARA EL ÁREA DE ACOMPAÑAMIENTO PEDAGÓGICO RECONOCIDOS A DEMANDA Y ELEMENTOS DE DOTACIÓN PARA ESPACIOS SOCIALES, INTEGRACIÓN O RECREACIÓN (VER ANEXO TÉCNICO NUMERAL 6.6) (Detalle Hoja de Cálculo: 4. Elementos Papelería ) | L46: CANTIDAD | M46: COSTO TOTAL MÁXIMO (incluido Iva) | N46: =+$N$36 -> COSTO OFERTADO (incluido Iva) | O46: =+$O$36 -> COSTO TOTAL OFERTADO (incluido Iva)
B47: Gestantes Adultas Desayuno, almuerzo, cena y 3 refrigerios | C47: 0.01 | D47: NA | J47: =+ROUND((E47+F47+H47+(I47*3))*ROUND(C47*$C$49,0),0) -> 0 | K47: Elementos Papelería | L47: 0.58 | M47: =ROUND('4. ELEMENTOS PAPELERÍA_RU'!F71*L47,-2) -> 1460000 | N47: =+'4. ELEMENTOS PAPELERÍA_RU'!I71 -> 0 | O47: =+ROUND(N47*L47,-2) -> 0
B48: Lactantes Adultas Desayuno, almuerzo, cena y 3 refrigerios | C48: 0.02 | D48: NA | J48: =+ROUND((E48+F48+H48+(I48*3))*ROUND(C48*$C$49,0),0) -> 0 | K48: ELEMENTOS ÚNICO RECONOCIMIENTO 3. ORIENTACIÓN EN SALUD, 4. ELEMENTOS DE PAPELERÍA, 5. ASEO INSTITUCIONAL - (VER NOTA 13) (VER ANEXO TÉCNICO NUMERAL 6.5, 6.6, 5.3.2.3 y 5.3.2.2) (Detalle Hoja de Cálculo: 3. Orientación en salud, 4. Elementos Papelería, 5 Aseo Institucional y 6 Dotación) | L48: CANTIDAD | M48: COSTO TOTAL MÁXIMO (incluido Iva) | N48: =+$N$36 -> COSTO OFERTADO (incluido Iva) | O48: =+$O$36 -> COSTO TOTAL OFERTADO (incluido Iva)
B49: CANTIDAD TOTAL ASISTENCIA | C49: =ROUND(25*30,0) -> 750 | D49: TOTAL ESTIMADO ASISTENCIA ALIMENTARIA - VER VALOR MÁXIMO FILA 58 A 70 | J49: =SUM(J37:J48) -> 0 | K49: Elementos 3. Orientación en salud 4. Elementos de Papelería y 5. Aseo Institucional único reconocimiento | L49: 1 | M49: =ROUND(('3. ORIENTACIÓN EN SALUD (UR)_RU'!F13+'4. ELEMENTOS PAPELERÍA (UR)_RU'!F22+'5. ASEO INSTITUCIONAL (UR)_RU'!F13)*L49,0) -> 1821300 | N49: =+'3. ORIENTACIÓN EN SALUD (UR)_RU'!I13+'4. ELEMENTOS PAPELERÍA (UR)_RU'!I22+'5. ASEO INSTITUCIONAL (UR)_RU'!I13 -> 0 | O49: =+ROUND(N49*L49,0) -> 0
B50: OTROS GASTOS - RECONOCIDO A DEMANDA DE LA CASA REFUGIO (Medicamentos, Gastos de servicios Médicos, Gastos de servicios notariales, Gastos para Procesos Académicos y de Formación Ocupacional, Gastos para la Gestión Laboral) ITEM DEFINIDO POR LA SECRETARIA DISTRITAL DE LA MUJER. NO OFERTAR (VER ANEXO TÉCNICO NUMERAL 6.7 - VER NOTA 8) | O50: 195000
B51: BOLSA DE RECURSOS PARA ATENDER EMERGENCIAS ITEM DEFINIDO POR LA SECRETARIA DISTRITAL DE LA MUJER. NO OFERTAR (VER ANEXO TÉCNICO NUMERAL 7 - - VER NOTA 8) | O51: 742000
B52: VALOR TOTAL FUNCIONAMIENTO ESTIMADO PARA UNA CASA REFUGIO MODALIDAD RURAL (PRIMER MES) (Incluido todos los impuestos, tasas, contribuciones de carácter nacional legales en que pueda incurrir el futuro contratista para la ejecución del contrato) | O52: =ROUND($G$31+$G$34+$J$49+$N$22+$N$25+$N$32+$O$37+$O$42+$O$45+$O$47+$O$49+$O$50+$O$51,0) -> 937000
B53: VALOR TOTAL FUNCIONAMIENTO ESTIMADO MES PARA UNA CASA REFUGIO MODALIDAD RURAL (SEGUNDO MES EN ADELANTE) (Incluido todos los impuestos, tasas, contribuciones de carácter nacional legales en que pueda incurrir el futuro contratista para la ejecución del contrato) | O53: =ROUND(G31+G34+N22+N25+N32+O37+O42+O45+O47+O50+O51+J49,0) -> 937000
B56: COSTO MÁXIMO ASISTENCIA ALIMENTARIA
B57: ASISTENCIA ALIMENTARIA (VER ANEXO TÉCNICO, NUMERAL 6.2 Y ANEXO A) | C57: CANTIDAD | D57: FORMULA DE INICIO COSTO UNITARIO MÁXIMO | E57: Desayuno COSTO UNITARIO MÁXIMO | F57: Almuerzo COSTO UNITARIO MÁXIMO | G57: Cena COSTO UNITARIO MÁXIMO | H57: Refrigerio COSTO UNITARIO MÁXIMO | I57: VALOR UNITARIO A COTIZAR (No corresponde IVA Art. 476 E.T)
B58: 0 a 5 meses Formula de iniciación | C58: 0.01 | D58: 7100 | E58: NA | F58: NA | G58: NA | H58: NA | I58: =+ROUND($C$70*C58,0)*D58 -> 56800
B59: 6 a 11 meses Formula de Continuación o Etapa 2 | C59: 0.02 | D59: 7100 | E59: NA | F59: NA | G59: NA | H59: NA | I59: =+ROUND($C$70*C59,0)*D59 -> 106500
B60: 6 a 8 meses Desayuno, almuerzo, cena y 2 refrigerios | C60: 0.01 | D60: NA | E60: 7900 | F60: 10900 | G60: 10500 | H60: 4000 | I60: =+ROUND((E60+F60+G60+(H60*2))*ROUND(C60*$C$70,0),0) -> 298400
B61: 9 a 11 meses Desayuno, almuerzo, cena y 2 refrigerios | C61: 0.02 | D61: NA | E61: 7900 | F61: 10900 | G61: 10500 | H61: 4000 | I61: =+ROUND((E61+F61+G61+(H61*2))*ROUND(C61*$C$70,0),0) -> 559500
B62: 1 a 3 años y 11 meses Desayuno, almuerzo, cena y 2 refrigerios | C62: 0.08 | D62: NA | E62: 8500 | F62: 12100 | G62: 11500 | H62: 4300 | I62: =+ROUND((E62+F62+G62+(H62*2))*ROUND(C62*$C$70,0),0) -> 2442000
B63: 4 a 6 años y 11 meses Desayuno, almuerzo, cena y 2 refrigerios | C63: 0.07 | D63: NA | E63: 8500 | F63: 12100 | G63: 11500 | H63: 4300 | I63: =+ROUND((E63+F63+G63+(H63*2))*ROUND(C63*$C$70,0),0) -> 2157100
B64: 7 a 12 años y 11 meses Desayuno, almuerzo, cena y 2 refrigerios | C64: 0.11 | D64: NA | E64: 9000 | F64: 12700 | G64: 12100 | H64: 4800 | I64: =+ROUND((E64+F64+G64+(H64*2))*ROUND(C64*$C$70,0),0) -> 3602200
B65: 13 a 17 años, y 11 meses Desayuno, almuerzo, cena y 2 refrigerios | C65: 0.05 | D65: NA | E65: 9000 | F65: 12700 | G65: 12100 | H65: 4800 | I65: =+ROUND((E65+F65+G65+(H65*2))*ROUND(C65*$C$70,0),0) -> 1649200
B66: 18 a 59 años y 11 meses Desayuno, almuerzo, cena y 2 refrigerios | C66: 0.19 | D66: NA | E66: 10200 | F66: 14700 | G66: 14100 | H66: 4800 | I66: =+ROUND((E66+F66+G66+(H66*2))*ROUND(C66*$C$70,0),0) -> 6949800
B67: 60 años y más Desayuno, almuerzo, cena y 2 refrigerios | C67: 0.01 | D67: NA | E67: 10200 | F67: 14700 | G67: 14100 | H67: 4800 | I67: =+ROUND((E67+F67+G67+(H67*2))*ROUND(C67*$C$70,0),0) -> 388800
B68: Gestantes Adultas Desayuno, almuerzo, cena y 3 refrigerios | C68: 0.01 | D68: NA | E68: 10200 | F68: 14700 | G68: 14100 | H68: 5600 | I68: =+ROUND((E68+F68+G68+(H68*3))*ROUND(C68*$C$70,0),0) -> 446400
B69: Lactantes Adultas Desayuno, almuerzo, cena y 3 refrigerios | C69: 0.02 | D69: NA | E69: 10200 | F69: 14700 | G69: 14100 | H69: 5600 | I69: =+ROUND((E69+F69+G69+(H69*3))*ROUND(C69*$C$70,0),0) -> 837000
B70: CANTIDAD TOTAL ASISTENCIA | C70: 750 | D70: TOTAL ESTIMADO ASISTENCIA ALIMENTARIA | I70: =SUM(I58:I69) -> 19493700
B74: NOTAS:
B75: * En cumplimiento a lo dispuesto en el artículo 33 de la Ley 2069 de 2020, se solicita a los proveedores indicar su clasificación empresarial.
B76: 1. Todos y cada uno de los ítems cotizados deben cumplir los requerimientos del Anexo Técnico del presente proceso, dadas sus particularidades de acuerdo con los requerimientos presentados en el documento, la normatividad vigente sobre el tema y materia tributaria.
B77: 2. Las cifras deben estar diligenciadas sin decimales y redondeadas.
B78: 3. Con el objeto de proporcionar todas las condiciones de seguridad para las mujeres, es importante para la Secretaría de la Mujer, que las instalaciones en las cuales se preste el servicio, se encuentren ubicadas en las localidades establecidas en el anexo técnico númeral 5.3.2.1
B79: 4. En el presente proceso se debe estimar el valor mensual de la operación de una Casa Refugio por cada rubro. Para tal efecto, debe diligenciarse únicamente el valor unitario en cada ítem y en todas las hojas de cálculo. Por ningún motivo se debe incluir información en las celdas no sombreadas. En caso que la Secretaría de la Mujer evidencie que fueron modificadas las celdas no sombreadas, prevalecerá el cálculo de la Secretaría de la Mujer.
B80: 5. Los elementos de aseo e higiene, incluyen todos los items descritos en el numeral 6.3 del Anexo Técnico, Composición de los elementos de Aseo e Higiene Personal, por rangos de edad, por lo cual el proponente deberá diligenciar el Valor unitario a cotizar incluido IVa, en la hoja de cálculo "1. ELEMENTOS HIGIENE POR DEMANDA".
B81: 6. Los elementos exentos de IVA, son los establecidos en los artículos 424, 477 y 481 del Estatuto Tributario.
B82: 7. Los requisitos de las áreas y/o espacios de atención del inmueble, deben cumplir con lo dispuesto en el numeral 5.3.2 del Anexo Técnico
B83: 8. La Secretaría Distrital de la Mujer incluye el valor estimado de los recursos correspondientes a los rubros OTROS GASTOS - RECONOCIDO A DEMANDA DE LA CASA REFUGIO (Medicamentos, Gastos de servicios Médicos, Gastos de servicios notariales, Gastos para Procesos Académicos y de Formación Ocupacional, Gastos para la Gestión Laboral) por un valor de ($195.000) y BOLSA DE RECURSOS PARA ATENDER EMERGENCIAS por un valor de ($742.000), para efectos de tenerlos en cuenta como parte del VALOR TOTAL FUNCIONAMIENTO ESTIMADO MES PARA UNA CASA REFUGIO.
B84: 9. Los elementos de dotación, se reconocerán como un valor de alquiler mensual, conforme a la sumatoria de los valores unitarios descritos en la propuesta económica y los soportes definidos en la lista de chequeo y en ningún caso se reconocerá un valor superior. Para dicho reconocimiento mensual, solo se tendrán en cuenta los elementos que se hayan encontrado disponibles, óptimas condiciones, a disposición exclusiva de la operación de la casa refugio y que cumplan con las especificaciones descritas en el numeral 5.3.2 del Anexo Técnico.
B85: 10. Elementos de dotación. Para su acreditación y pago deberá incluirse los siguientes soportes: Documento interno del operador en el cual relaciona el valor a reconocer por la Secretaría Distrital de la Mujer, de los elementos de dotación de muebles y enseres, que dispuso durante el periodo de ejecución reportado, firmado por el Representante Legal, relación de dotación de muebles y enseres que incluya: descripción, cantidad, valor unitario, valor total y valor a reconocer por la Secretaría Distrital de la Mujer, esta relación debe corresponder con los elementos que se encontraron en óptimas condiciones durante el periodo reportado y/o mes de ejecución, firmado por la coordinadora administrativa y profesional del equipo de apoyo a la supervisión, en el formato establecido por la Secretaria Distrital de la Mujer, Certificación con registro fotográfico, donde se describa que todos los elementos de dotación se encuentran completos y en perfecto estado, firmada por el representante legal, acta de verificación realizada por el equipo de apoyo a la supervisión de la Secretaria Distrital de la Mujer en la cual se verifique el cumplimiento de las especificaciones de los elementos solicitados y los demás establecidos en la lista de chequeo.
... B94: NOTA 4: En el evento en que el proponente presente oferta para una (1) casa del Lote 1 (Modalidad Integral) y una (1) casa del Lote 2 (Modalidad Rural), deberá garantizar la uniformidad en los valores unitarios ofertados para aquellos bienes, insumos o elementos cuya descripción técnica, especificaciones y características sean equivalentes. En consecuencia, los precios ofertados para dichos ítems deberán ser idénticos en todas las ofertas presentadas, independientemente del lote al que correspondan. El incumplimiento de esta condición se considerará una inconsistencia en la oferta económica y dará lugar al rechazo de la(s) oferta(s) en la(s) que se evidencie la diferencia de valores, de conformidad con los principios de selección objetiva, transparencia y economía.

Sheet 1. ELEMENTOS HIGIENE PORDEMRU
B3: SECRETARIA DISTRITAL DE LA MUJER
B4: ANEXO DE OFERTA ECONÓMICA LOTE 2 MODALIDAD RURAL - HOJA 1. ELEMENTOS DE HIGIENE Y ASEO PERSONAL ENTREGADOS POR DEMANDA Y OTROS ELEMENTOS DE HIGIENE Y ASEO PERSONAL RECONOCIDOS A DEMANDA
B6: Elementos Entregables por Demanda | G6: PRESUPUESTO 2026
B7: ELEMENTO | C7: ESPECIFICACIONES | D7: CANTIDAD | E7: COSTO UNITARIO MÁXIMO (Incluido Iva) | F7: COSTO TOTAL MÁXIMO (Incluido Iva) | G7: COSTO UNITARIO OFERTADO (Incluido Iva) | H7: COSTO UNITARIO REDONDEADO (Incluido Iva) | I7: COSTO TOTAL OFERTADO (Incluido Iva)
B8: CORTA-UÑAS BEBE | C8: Corta uñas para bebés (para jornadas de prevención y promoción de salud). | D8: 2 | E8: 15000 | F8: =+E8*D8 -> 30000 | H8: =ROUND(G8,0) -> 0 | I8: =+H8*D8 -> 0
B9: CORTA-UÑAS PERSONA ADULTA | C9: Corta uñas grandes (para jornadas de prevención y promoción de salud). | D9: 2 | E9: 9000 | F9: =+E9*D9 -> 18000 | H9: =ROUND(G9,0) -> 0 | I9: =+H9*D9 -> 0
B10: JABÓN EN BARRA AZUL | C10: Jabón en barra para todo tipo de uso unidad x 300gr | D10: 20 | E10: 3100 | F10: =+E10*D10 -> 62000 | H10: =ROUND(G10,0) -> 0 | I10: =+H10*D10 -> 0
B11: CREMA DENTAL CON FLUOR - TUBO 100 ML (MAYORES DE 6 AÑOS) | C11: Tubo de 100ml, con flúor y calcio, protección anti-caries y sarro. | D11: 15 | E11: 10400 | F11: =+E11*D11 -> 156000 | H11: =ROUND(G11,0) -> 0 | I11: =+H11*D11 -> 0
B12: CREMA DENTAL SIN FLUOR, NI COLORANTES, NI CONSERVANTES (MENORES DE 6 AÑOS) | C12: Presentación entre 50 y 100 gramos | D12: 10 | E12: 16900 | F12: =+E12*D12 -> 169000 | H12: =ROUND(G12,0) -> 0 | I12: =+H12*D12 -> 0
B13: SEDA DENTAL | C13: Sin cera x 25m | D13: 10 | E13: 10900 | F13: =+E13*D13 -> 109000 | H13: =ROUND(G13,0) -> 0 | I13: =+H13*D13 -> 0
B14: JABÓN DE TOCADOR - BARRA | C14: Presentación en barra de entre 110 grs y 130 gr Para limpieza y desinfección de la piel Base 100% vegetal con glicerina | D14: 30 | E14: 3500 | F14: =+E14*D14 -> 105000 | H14: =ROUND(G14,0) -> 0 | I14: =+H14*D14 -> 0
B15: PAPEL HIGIÉNICO BLANCO - TRIPLE HOJA X 12 ROLLOS ENTRE 30 Y 36 METROS | C15: - Rollo con longitud mínima entre 30 y 36 metros - Triple hoja blanca - Sin olor ni fragancia | D15: 4 | E15: 25300 | F15: =+E15*D15 -> 101200 | H15: =ROUND(G15,0) -> 0 | I15: =+H15*D15 -> 0
B16: DESODORANTE ROLL ON 50 ML MUJER | C16: Barra antitranspirante de 50 ML | D16: 15 | E16: 16200 | F16: =+E16*D16 -> 243000 | H16: =ROUND(G16,0) -> 0 | I16: =+H16*D16 -> 0
B17: DESODORANTE ROLL ON 50 ML HOMBRE | C17: Barra antitranspirante de 50 ML | D17: 5 | E17: 11000 | F17: =+E17*D17 -> 55000 | H17: =ROUND(G17,0) -> 0 | I17: =+H17*D17 -> 0
B18: SHAMPOO BEBÉ, NIÑAS Y NIÑOS | C18: Presentación entre 100 ml y 150 ml | D18: 12 | E18: 13400 | F18: =+E18*D18 -> 160800 | H18: =ROUND(G18,0) -> 0 | I18: =+H18*D18 -> 0
B19: SHAMPOO ADOLESCENTES-MUJERES-HOMBRES | C19: Presentación entre 100 ml y 150 ml | D19: 15 | E19: 4400 | F19: =+E19*D19 -> 66000 | H19: =ROUND(G19,0) -> 0 | I19: =+H19*D19 -> 0
... B40: TAPABOCAS PAQUETE X 50 - AZUL | C40: Elaborado en tela no tejida Desechable. Con tiras elásticas | D40: 2 | E40: 14200 | F40: =+E40*D40 -> 28400 | H40: =ROUND(G40,0) -> 0 | I40: =+H40*D40 -> 0
B41: Nota 1: Para el rubro de Elementos de higiene y aseo personal entregados por demanda se reconoce el costo de acuerdo con el valor unitario conforme a los valores presentados en la oferta económica y los soportes de entrega atendiendo a lo establecido en Anexo Técnico y la lista de chequeo. Nota 2: Todos los productos y elementos relacionados en el presente anexo técnico deberán contar con registro sanitario vigente ante el INVIMA, conforme a la normatividad sanitaria aplicable. NOTA 3: Los elementos cuya descripción sea la misma en los diferentes rubros deberán conservar el mismo valor unitario de cotización. En caso de que la Secretaría identifique diferencias en los valores cotizados para elementos con idénticas características, especificaciones o presentación, se tomará como válido el valor unitario más bajo registrado en las cotizaciones presentadas. Nota 4. La entrega del elemento Mascarilla desechable (tapabocas), se hará de acuerdo con las necesidades específicas de las mujeres o sus sistemas familiares, por ejemplo, cuando presenten síntomas respiratorios, se indique aislamiento por personal médico, por riesgo de contagio de enfermedades respiratorias dentro de la Casa Refugio, cuando se dirija a entidades de salud u otras que exijan el uso de la mascarilla o tapabocas, entre otras circunstancias en las cuales se requiera su uso.
B42: OTROS ELEMENTOS DE HIGIENE Y ASEO PERSONAL RECONOCIDOS A DEMANDA
B43: PAQUETE DE PAÑALES BEBÉ PREMATURO | C43: 30 unidades (Este elemento se entregará de forma diaria y por unidades, de acuerdo con las necesidades de uso) | D43: 1 | E43: 28000 | F43: =+E43*D43 -> 28000 | H43: =ROUND(G43,0) -> 0 | I43: =+H43*D43 -> 0
B44: PAQUETE DE PAÑALES ETAPA 1 | C44: 30 unidades (1 a 12 libras) (Este elemento se entregará de forma diaria y por unidades, de acuerdo con las necesidades de uso) | D44: 1 | E44: 49900 | F44: =+E44*D44 -> 49900 | H44: =ROUND(G44,0) -> 0 | I44: =+H44*D44 -> 0
B45: PAQUETE DE PAÑALES ETAPA 2 | C45: 30 unidades (12 a 16 libras) (Este elemento se entregará de forma diaria y por unidades, de acuerdo con las necesidades de uso) | D45: 1 | E45: 49400 | F45: =+E45*D45 -> 49400 | H45: =ROUND(G45,0) -> 0 | I45: =+H45*D45 -> 0
B46: PAQUETE DE PAÑALES ETAPA 3 | C46: 30 unidades (16 a 28 libras) (Este elemento se entregará de forma diaria y por unidades, de acuerdo con las necesidades de uso) | D46: 1 | E46: 44500 | F46: =+E46*D46 -> 44500 | H46: =ROUND(G46,0) -> 0 | I46: =+H46*D46 -> 0
B47: PAQUETE DE PAÑALES ETAPA 4 | C47: 30 unidades (22 a 27 libras) (Este elemento se entregará de forma diaria y por unidades, de acuerdo con las necesidades de uso) | D47: 1 | E47: 60100 | F47: =+E47*D47 -> 60100 | H47: =ROUND(G47,0) -> 0 | I47: =+H47*D47 -> 0
B48: PAQUETE DE PAÑALES ETAPA 5 | C48: 30 unidades (más de 27 libras) (Este elemento se entregará de forma diaria y por unidades, de acuerdo con las necesidades de uso) | D48: 1 | E48: 69600 | F48: =+E48*D48 -> 69600 | H48: =ROUND(G48,0) -> 0 | I48: =+H48*D48 -> 0
B49: PAQUETE DE PAÑAL PARA ADULTO TALLA S | C49: 21 unidades (Este elemento se entregará de forma diaria y por unidades, de acuerdo con las necesidades de uso) | D49: 1 | E49: 78900 | F49: =+E49*D49 -> 78900 | H49: =ROUND(G49,0) -> 0 | I49: =+H49*D49 -> 0
B50: PAQUETE DE PAÑAL PARA ADULTO TALLA M | C50: 21 unidades (Este elemento se entregará de forma diaria y por unidades, de acuerdo con las necesidades de uso) | D50: 1 | E50: 51500 | F50: =+E50*D50 -> 51500 | H50: =ROUND(G50,0) -> 0 | I50: =+H50*D50 -> 0
B51: PAQUETE DE PAÑAL PARA ADULTO TALLA L | C51: 21 unidades (Este elemento se entregará de forma diaria y por unidades, de acuerdo con las necesidades de uso) | D51: 1 | E51: 59000 | F51: =+E51*D51 -> 59000 | H51: =ROUND(G51,0) -> 0 | I51: =+H51*D51 -> 0
B52: TOTAL ELEMENTOS DE HIGIENE Y ASEO PERSONAL ENTREGADOS POR DEMANDA | F52: =SUM(F8:F51) -> 3353500 | I52: =SUM(I8:I51) -> 0
B53: Nota 1: Para el rubro de otros elementos a entregar por demanda se reconoce el costo de acuerdo con el valor unitario conforme a los valores presentados en la oferta económica y los soportes de entrega atendiendo a lo establecido en Anexo Técnico y la lista de chequeo. Nota 2: Todos los productos y elementos relacionados en el presente anexo técnico deberán contar con registro sanitario vigente ante el INVIMA, conforme a la normatividad sanitaria aplicable.

Sheet 2. VESTUARIORU
B3: SECRETARIA DISTRITAL DE LA MUJER
B4: ANEXO DE OFERTA ECONÓMICA LOTE 2 MODALIDAD RURAL - HOJA 2. VESTUARIO BÁSICO PARA MUJERES ACOGIDAS Y SUS SISTEMAS FAMILIARES RECONOCIDO A DEMANDA POR CASA REFUGIO
B6: Elementos Entregables por Demanda | G6: PRESUPUESTO 2026
B7: NECESIDAD | C7: ESPECIFICACIONES | D7: CANTIDAD | E7: COSTO UNITARIO MÁXIMO (Incluido Iva) | F7: COSTO TOTAL MÁXIMO (Incluido Iva) | G7: COSTO UNITARIO OFERTADO (Incluido Iva) | H7: COSTO UNITARIO REDONDEADO (Incluido Iva) | I7: COSTO TOTAL OFERTADO (Incluido Iva)
B8: PANTYS | C8: Mujer Adulta: Tallas S, M, L, XL, XXL. | D8: 1 | E8: 27900 | F8: =$D8*E8 -> 27900 | H8: =ROUND(G8,0) -> 0 | I8: =+H8*D8 -> 0
B9: BRASSIER | C9: Mujer Adulta: Tallas S, M, L, XL, XXL. | D9: 1 | E9: 40000 | F9: =$D9*E9 -> 40000 | H9: =ROUND(G9,0) -> 0 | I9: =+H9*D9 -> 0
B10: PAR DE MEDIAS | C10: Mujer Adulta: Tallas S, M, L, XL, XXL. | D10: 1 | E10: 15000 | F10: =$D10*E10 -> 15000 | H10: =ROUND(G10,0) -> 0 | I10: =+H10*D10 -> 0
B11: CAMISA | C11: Mujer Adulta: Tallas S, M, L, XL, XXL. | D11: 1 | E11: 69900 | F11: =$D11*E11 -> 69900 | H11: =ROUND(G11,0) -> 0 | I11: =+H11*D11 -> 0
B12: CAMISETA | C12: Mujer Adulta: Tallas S, M, L, XL, XXL. | D12: 1 | E12: 29900 | F12: =$D12*E12 -> 29900 | H12: =ROUND(G12,0) -> 0 | I12: =+H12*D12 -> 0
B13: PANTALÓN LEGGINS | C13: Mujer Adulta: Tallas S, M, L, XL, XXL. | D13: 1 | E13: 49900 | F13: =$D13*E13 -> 49900 | H13: =ROUND(G13,0) -> 0 | I13: =+H13*D13 -> 0
B14: SACO | C14: Mujer Adulta: Tallas S, M, L, XL, XXL. | D14: 1 | E14: 79900 | F14: =$D14*E14 -> 79900 | H14: =ROUND(G14,0) -> 0 | I14: =+H14*D14 -> 0
B15: TENIS | C15: Mujer Adulta: Tallas Entre 34 y 42 | D15: 1 | E15: 129900 | F15: =$D15*E15 -> 129900 | H15: =ROUND(G15,0) -> 0 | I15: =+H15*D15 -> 0
B16: CHANCLAS | C16: Mujer Adulta: Tallas Entre 34 y 42 | D16: 1 | E16: 19900 | F16: =$D16*E16 -> 19900 | H16: =ROUND(G16,0) -> 0 | I16: =+H16*D16 -> 0
B17: BOTAS DE CAUCHO | C17: Mujer Adulta: Tallas Entre 34 y 42 | D17: 1 | E17: 49900 | F17: =$D17*E17 -> 49900 | H17: =ROUND(G17,0) -> 0 | I17: =+H17*D17 -> 0
B18: PIJAMA | C18: Mujer Adulta: Tallas S, M, L, XL, XXL. | D18: 1 | E18: 49900 | F18: =$D18*E18 -> 49900 | H18: =ROUND(G18,0) -> 0 | I18: =+H18*D18 -> 0
B19: PANTYS MATERNOS | C19: Mujer Embarazada: S, M, L, XL, XXL. | D19: 1 | E19: 52400 | F19: =$D19*E19 -> 52400 | H19: =ROUND(G19,0) -> 0 | I19: =+H19*D19 -> 0
... B62: PAÑALERAS (APLICA SOLO PARA BEBES NACIDOS EN EL TIEMPO DE ACOGIDA) | C62: Bebes: 0-3, 3-6, 6-12, 12-18 Meses | D62: 1 | E62: 59900 | F62: =$D62*E62 -> 59900 | H62: =ROUND(G62,0) -> 0 | I62: =+H62*D62 -> 0
B63: TOTAL VESTUARIO ENTREGABLE POR DEMANDA RURAL | F63: =SUM(F8:F62) -> 2712300 | I63: =SUM(I8:I62) -> 0
B64: Nota 1: Para sustentar esta erogación, deberán presentarse los documentos descritos en la lista de chequeo correspondiente a este rubro, entre las que se encuentra: Soporte del pago de vestuario, copia de las facturas legibles y completas (cantidades, descripción del detalle conforme a lo descrito en la propuesta económica, valor unitario, valor total, discriminación de impuesto), de los comprobantes de egreso y pago (timbre de banco, transferencia electrónica, Boucher, consignación) y del formato de entrega de vestuario a las mujeres y su sistema familiar, debidamente diligenciados y firmados (firma de la profesional de la Casa Refugio que entrega, firma o huella en caso que no sepa escribir) de la mujer que recibe y firma de la profesional de apoyo designado por la Secretaría Distrital de la Mujer y los demás documentos que solicite la Secretaría Distrital de la Mujer. En ningún caso se reconocerán valores unitarios superiores a los establecidos en la oferta económica del oferente. Nota 2: Cuando se identifique la necesidad de vestuario diferente a lo contemplado previamente, debido a características particulares de la persona y/o pertenencia étnica, el operador podrá adquirir el elemento requerido con un valor equivalente a una de las prendas contempladas en el vestuario básico reconocido a demanda.

Sheet 3. ORIENTACIÓN EN SALUD_RU
B3: SECRETARIA DISTRITAL DE LA MUJER
B4: ANEXO DE OFERTA ECONÓMICA LOTE 2 MODALIDAD RURAL -HOJA 3. ELEMENTOS PARA EL ÁREA DE ORIENTACIÓN, GESTIÓN Y SEGUIMIENTO DE SERVICIOS EN SALUD POR CASA REFUGIO
B6: Elementos Entregables por Demanda | G6: PRESUPUESTO 2026
B7: NECESIDAD | C7: ESPECIFICACIONES | D7: CANTIDAD | E7: COSTO UNITARIO MÁXIMO (Incluido Iva) | F7: COSTO TOTAL MÁXIMO (Incluido Iva) | G7: COSTO UNITARIO OFERTADO (Incluido Iva) | H7: COSTO UNITARIO REDONDEADO (Incluido Iva) | I7: COSTO TOTAL OFERTADO (Incluido Iva)
B8: CABESTRILLO SENCILLO ADULTO - ADULTO | C8: Cabestrillo sencillo adulto – Adulto | D8: 2 | E8: 26100 | F8: =$D8*E8 -> 52200 | H8: =ROUND(G8,0) -> 0 | I8: =+H8*D8 -> 0
B9: CABESTRILLO SENCILLO INFANTIL - INFANTIL | C9: Cabestrillo sencillo infantil – Infantil | D9: 2 | E9: 21500 | F9: =$D9*E9 -> 43000 | H9: =ROUND(G9,0) -> 0 | I9: =+H9*D9 -> 0
B10: SABANAS DESECHABLES PARA CAMILLA TAMAÑO LARGO 170 A 210 CM Y ANCHO 60 A 80 CM PAQUETE X 10 UNIDADES | C10: Sabana para camilla desechable con borde en resortado largo entre 170 y 210cm y ancho entre 60 y 80cm - Azul PAQUETE X 10 UNIDADES | D10: 1 | E10: 34400 | F10: =$D10*E10 -> 34400 | H10: =ROUND(G10,0) -> 0 | I10: =+H10*D10 -> 0
B11: GUARDIANES 1,3 LT | C11: Guardianes 1,3 LT | D11: 1 | E11: 8800 | F11: =$D11*E11 -> 8800 | H11: =ROUND(G11,0) -> 0 | I11: =+H11*D11 -> 0
B12: JERINGA DESECHABLE DE 10 ML , AGUJA 21G X 1 1/2 DE 3 PARTES FABRICADA EN POLIPROPILENO GRADO MÉDICO; SISTEMA DE CIERRE LUER-LOCK (ROSCA) Y ESTÉRILES. | C12: Jeringa desechable de 10 ml , aguja 21g x 1 1/2 de 3 partes fabricada en polipropileno grado médico; sistema de cierre luer-lock (rosca) y estériles. | D12: 100 | E12: 400 | F12: =$D12*E12 -> 40000 | H12: =ROUND(G12,0) -> 0 | I12: =+H12*D12 -> 0
B13: COFIAS PAQUETE X 100 | C13: - Gorro cofia desechable, Elaborado en tela no tejida - Borde elástico - Talla única - Paquete x 100 | D13: 1 | E13: 20300 | F13: =$D13*E13 -> 20300 | H13: =ROUND(G13,0) -> 0 | I13: =+H13*D13 -> 0
B14: BATA DESECHABLE MÉDICA MANGA LARGA CON PUÑO | C14: Bata desechable médica manga larga con puño | D14: 10 | E14: 8700 | F14: =$D14*E14 -> 87000 | H14: =ROUND(G14,0) -> 0 | I14: =+H14*D14 -> 0
B15: POLAINAS ANTIDEZLIZANTES PAQUETE X 50 PARES | C15: -Material: tela quirúrgica. -Elástico resistente. -Sistema antideslizante -Desechable. | D15: 1 | E15: 28600 | F15: =$D15*E15 -> 28600 | H15: =ROUND(G15,0) -> 0 | I15: =+H15*D15 -> 0
B16: TAPABOCAS PAQUETE X 50 - AZUL | C16: Elaborado en tela no tejida Desechable. Con tiras elásticas | D16: 2 | E16: 14200 | F16: =$D16*E16 -> 28400 | H16: =ROUND(G16,0) -> 0 | I16: =+H16*D16 -> 0
B17: GEL ANTIBACTERIAL DE USO DIARIO TEXTURA SUAVE, DISEÑADO PARA CUIDAR, LIMPIAR Y DESINFECTAR LAS MANOS DE MANERA PROFUNDA | C17: Gel antibacterial de uso diario textura suave, diseñado para cuidar, limpiar y desinfectar las manos de manera profunda. 1 litro. | D17: 2 | E17: 20800 | F17: =$D17*E17 -> 41600 | H17: =ROUND(G17,0) -> 0 | I17: =+H17*D17 -> 0
B18: MICROPORE | C18: Micropore Color piel 1"x 10 yardas, 2.5cm x 9.1 mt | D18: 1 | E18: 3800 | F18: =$D18*E18 -> 3800 | H18: =ROUND(G18,0) -> 0 | I18: =+H18*D18 -> 0
B19: TERMÓMETRO DIGITAL | C19: Termómetro digital | D19: 1 | E19: 21700 | F19: =$D19*E19 -> 21700 | H19: =ROUND(G19,0) -> 0 | I19: =+H19*D19 -> 0
... B23: ALCOHOL ANTISÉPTICO FRASCO POR 700 ml | C23: Alcohol antiséptico frasco por 700 ml | D23: 3 | E23: 10800 | F23: =$D23*E23 -> 32400 | H23: =ROUND(G23,0) -> 0 | I23: =+H23*D23 -> 0
B24: BOTIQUÍN: Los elementos contenidos en el botiquín deberán mantenerse completos y en óptimas condiciones de uso. Cada vez que se consuman insumos o materiales, estos deberán ser repuestos de forma inmediata, garantizando la disponibilidad permanente de existencias en los consumibles básicos. Se deberán realizar verificaciones periódicas del contenido del botiquín para asegurar que se cumpla con el listado establecido en la normatividad vigente (Resolución 0705 de 2007 y Guía Técnica Colombiana GTC-45 del ICONTEC).
B25: GASAS LIMPIAS PAQUETE X 100 | C25: Gasas limpias paquete x 100 unidades | D25: 1 | E25: 3600 | F25: =$D25*E25 -> 3600 | H25: =ROUND(G25,0) -> 0 | I25: =+H25*D25 -> 0
B26: GASAS ESTÉRILES PAQUETE X 20 | C26: Gasas estériles x 20 unidades | D26: 3 | E26: 9400 | F26: =$D26*E26 -> 28200 | H26: =ROUND(G26,0) -> 0 | I26: =+H26*D26 -> 0
B27: APÓSITOS O COMPRESAS NO ESTÉRILES | C27: Apósitos o compresas no estériles UND | D27: 4 | E27: 9200 | F27: =$D27*E27 -> 36800 | H27: =ROUND(G27,0) -> 0 | I27: =+H27*D27 -> 0
B28: ESPARADRAPO DE TELA ROLLO DE 4" | C28: Esparadrapo de tela rollo de 4" | D28: 2 | E28: 20100 | F28: =$D28*E28 -> 40200 | H28: =ROUND(G28,0) -> 0 | I28: =+H28*D28 -> 0
B29: BAJALENGUAS | C29: Bajalenguas paquete por 20 unidades | D29: 2 | E29: 2600 | F29: =$D29*E29 -> 5200 | H29: =ROUND(G29,0) -> 0 | I29: =+H29*D29 -> 0
B30: VENDA ELÁSTICA 2 X 5 YARDAS | C30: Venda elástica 2 x 5 yardas | D30: 2 | E30: 1800 | F30: =$D30*E30 -> 3600 | H30: =ROUND(G30,0) -> 0 | I30: =+H30*D30 -> 0
B31: VENDA ELÁSTICA 3 X 5 YARDAS | C31: Venda elástica 3 x 5 yardas | D31: 2 | E31: 2500 | F31: =$D31*E31 -> 5000 | H31: =ROUND(G31,0) -> 0 | I31: =+H31*D31 -> 0
B32: VENDA ELÁSTICA 5 X 5 YARDAS | C32: Venda elástica 5 x 5 yardas | D32: 2 | E32: 4500 | F32: =$D32*E32 -> 9000 | H32: =ROUND(G32,0) -> 0 | I32: =+H32*D32 -> 0
B33: VENDA DE ALGODÓN 3 X 5 YARDAS | C33: Venda de algodón 3 x 5 yardas | D33: 2 | E33: 3000 | F33: =$D33*E33 -> 6000 | H33: =ROUND(G33,0) -> 0 | I33: =+H33*D33 -> 0
B34: VENDA DE ALGODÓN 5 X 5 YARDAS | C34: Venda de algodón 5 x 5 yardas | D34: 2 | E34: 4800 | F34: =$D34*E34 -> 9600 | H34: =ROUND(G34,0) -> 0 | I34: =+H34*D34 -> 0
B35: JABÓN QUIRÚRGICO CLORHEXIDINA GLUCONATO 4% | C35: Jabón Quirúrgico Clorhexidina Gluconato 4% (galón).120 ML Nota: Registro INVIMA | D35: 1 | E35: 63700 | F35: =$D35*E35 -> 63700 | H35: =ROUND(G35,0) -> 0 | I35: =+H35*D35 -> 0
B36: SOLUCIÓN SALINA 0.9% BOLSA DE 250cc | C36: Bolsa de 250 cc | D36: 5 | E36: 4400 | F36: =$D36*E36 -> 22000 | H36: =ROUND(G36,0) -> 0 | I36: =+H36*D36 -> 0
... B51: ELEMENTOS DE BARRERA O MÁSCARA PARA RCP | C51: Elementos de barrera o máscara para RCP | D51: 2 | E51: 12000 | F51: =$D51*E51 -> 24000 | H51: =ROUND(G51,0) -> 0 | I51: =+H51*D51 -> 0
B52: TOTAL ELEMENTOS PARA EL ÁREA DE ORIENTACIÓN, GESTIÓN Y SEGUIMIENTO DE SERVICIOS EN SALUD | F52: =SUM(F8:F51) -> 1085300 | I52: =SUM(I8:I51) -> 0
B53: Nota 1: Para el rubro de elementos para el área de atención básica en salud reconocidos a demanda, se reconocerá el costo de acuerdo con el valor unitario presentado en la oferta económica conforme a los soportes de entrega de acuerdo con lo establecido en la lista de chequeo. En ningún caso se reconocerán valores superiores a los establecidos en la oferta económica del oferente. Para su acreditación y pago deberá incluirse los siguientes soportes: Documento interno del operador en el cual relaciona los elementos utilizados durante el periodo reportado y/o mes de ejecución, valor unitario y valor total, firmado por el representante legal, Formato establecido por la Secretaria Distrital de la Mujer, donde se relacione la entrega de elementos firmado por la profesional del área, la coordinadora Administrativa y de la profesional de la Secretaría Distrital de la Mujer y demás documentos establecidos en la lista de chequeo. NOTA 2: Los elementos contenidos en el botiquín deberán mantenerse completos y en óptimas condiciones de uso. Cada vez que se agote, estos deberán ser repuestos de forma inmediata, garantizando la disponibilidad permanente de existencias en los consumibles básicos. Se deberán realizar verificaciones periódicas del contenido del botiquín para asegurar que se cumpla con el listado establecido en la normatividad vigente (Resolución 0705 de 2007 y Guía Técnica Colombiana GTC-45 del ICONTEC). NOTA 3: Los elementos cuya descripción sea la misma en los diferentes rubros deberán conservar el mismo valor unitario de cotización. En caso de que la Secretaría identifique diferencias en los valores cotizados para elementos con idénticas características, especificaciones o presentación, se tomará como válido el valor unitario más bajo registrado en las cotizaciones presentadas. NOTA 4: En cuanto al uso de jeringas, cuando el elemento se haya agotado y de ser requerido para una mujer o persona de su sistema familiar, se debe tener en cuenta que, se debe iniciar el proceso de solicitud de jeringas ante la Entidad Administradora de Planes de Beneficio en Salud (EAPB), aun así, cuando no se obtenga una respuesta positiva ante la gestión que haya realizado el equipo interdisciplinario —incluyendo las gestiones adelantadas mediante queja ante la Superintendencia Nacional de Salud, derecho de petición y/o acción de tutela, la Casa Refugio deberá garantizar la disponibilidad del insumo requerido, en el marco de sus responsabilidades de atención integral y garantía de derechos en salud.
B54: El insumo estará destinado exclusivamente para la preparación y suministro de medicamentos por vía oral y/o lavados nasales en menores de edad y/o personas adultas que, por condiciones clínicas o diagnósticos específicos, presenten limitaciones para la ingesta directa. Esta disposición tiene como finalidad asegurar la adherencia terapéutica, la continuidad del tratamiento farmacológico prescrito, la prevención de accidentes y la protección del derecho fundamental a la salud. El área de Gestión, orientación y seguimiento de servicios en salud será responsable de priorizar los casos de acuerdo con la frecuencia de suministro y las particularidades clínicas identificadas, clasificando aquellos de alta demanda del insumo para iniciar oportunamente las gestiones administrativas y la articulación con la EAPB correspondiente.Todas las acciones deberán desarrollarse en observancia de los topes máximos establecidos en el anexo técnico vigente, garantizando criterios de racionalidad, oportunidad y eficiencia en el uso de los recursos disponibles. Nota 5: Todos los productos y elementos relacionados en el presente anexo técnico deberán contar con registro sanitario vigente ante el INVIMA, conforme a la normatividad sanitaria aplicable.

Sheet 3. ORIENTACIÓN EN SALUD (UR)_RU
B3: SECRETARIA DISTRITAL DE LA MUJER
B4: ANEXO DE OFERTA ECONÓMICA LOTE 2 MODALIDAD RURAL - HOJA 3. ELEMENTOS PARA EL ÁREA DE ORIENTACIÓN, GESTIÓN Y SEGUIMIENTO - ÚNICO RECONOCIMIENTO DE SERVICIOS EN SALUD POR CASA REFUGIO
B6: Elementos Entregables por Demanda | G6: PRESUPUESTO 2026
B7: NECESIDAD | C7: ESPECIFICACIONES | D7: CANTIDAD | E7: COSTO UNITARIO MÁXIMO (Incluido Iva) | F7: COSTO TOTAL MÁXIMO (Incluido Iva) | G7: COSTO UNITARIO OFERTADO (Incluido Iva) | H7: COSTO UNITARIO REDONDEADO (Incluido Iva) | I7: COSTO TOTAL OFERTADO (Incluido Iva)
B9: ELEMENTOS PARA EL ÁREA DE ORIENTACIÓN, GESTIÓN Y SEGUIMIENTO DE SERVICIOS EN SALUD POR CADA CASA REFUGIO - Único Reconocimiento se incluyen los elementos que serán reconocidos por una sola vez durante el primer periodo de ejecución del contrato a partir de la fecha de inicio de este, dado que corresponden a la dotación inicial o a la implementación básica necesaria para el inicio y adecuado desarrollo de las actividades operativas. Estos elementos corresponden a la dotación inicial o a la implementación básica requerida para el inicio y adecuado desarrollo de las actividades operativas del servicio. En este sentido, serán reconocidos por una sola vez durante el primer periodo de ejecución del contrato, contado a partir de la suscripción del acta de inicio, y no serán objeto de prorrateo en su valor de pago, en razón a que no constituyen bienes de consumo recurrente. En caso de presentarse daño, deterioro o avería que afecte su funcionamiento, dichos elementos deberán ser reparados o reemplazados por el operador, garantizando el cumplimiento de las especificaciones técnicas establecidas en el Anexo Técnico; no obstante, no se reconocerán pagos adicionales por concepto de mantenimiento, reposición o ajustes posteriores, en la medida en que estos riesgos hacen parte de la adecuada ejecución del contrato.
B10: DISPENSADOR INSTITUCIONAL DE TOALLAS DE PAPEL EN Z | C10: - Dispensador para toallas tipo Z o C. - Medidas aproximadas: alto:19 cm; ancho: 26 cm y fondo:10 cm. - Peso: 470 g. - Material: polipropileno. - Anclaje en pared al lado o en el área de lavado de manos. | D10: 1 | E10: 41500 | F10: =$D10*E10 -> 41500 | H10: =ROUND(G10,0) -> 0 | I10: =+H10*D10 -> 0
B11: TIJERA | C11: Tijera | D11: 1 | E11: 8500 | F11: =$D11*E11 -> 8500 | H11: =ROUND(G11,0) -> 0 | I11: =+H11*D11 -> 0
B12: LINTERNA | C12: Linterna | D12: 1 | E12: 23000 | F12: =$D12*E12 -> 23000 | H12: =ROUND(G12,0) -> 0 | I12: =+H12*D12 -> 0
F13: =SUM(F10:F12) -> 73000 | I13: =SUM(I10:I12) -> 0
B14: Nota 1: Único Reconocimiento se incluyen los elementos que serán reconocidos por una sola vez durante el primer periodo de ejecución del contrato a partir de la fecha de inicio de este, dado que corresponden a la dotación inicial o a la implementación básica necesaria para el inicio y adecuado desarrollo de las actividades operativas. Los elementos adquiridos una única vez en el marco de la ejecución contractual no deben ser objeto de prorrateo en su valor de pago. En caso de daño o avería que afecte su funcionamiento, estos elementos deberán repararse y/o remplazarse y deberán cumplir con las especificaciones técnicas descritas en el Anexo Técnico numeral 6.5, sin embargo, no se contemplarán pagos adicionales por mantenimiento, reposición o ajustes posteriores como parte de este concepto. Nota 2: Los elementos cuya descripción sea la misma en los diferentes rubros deberán conservar el mismo valor unitario de cotización. En caso de que la Secretaría identifique diferencias en los valores cotizados para elementos con idénticas características, especificaciones o presentación, se tomará como válido el valor unitario más bajo registrado en las cotizaciones presentadas.

Sheet 4. ELEMENTOS PAPELERÍA_RU
B3: SECRETARIA DISTRITAL DE LA MUJER
B4: ANEXO DE OFERTA ECONÓMICA LOTE 2 MODALIDAD RURAL - HOJA 4. ELEMENTOS DE PAPELERÍA PARA EL ÁREA DE ACOMPAÑAMIENTO PEDAGÓGICO RECONOCIDOS A DEMANDA ELEMENTOS DE DOTACIÓN PARA ESPACIOS SOCIALES, INTEGRACIÓN O RECREACIÓN
B6: Elementos Entregables por Demanda | G6: PRESUPUESTO 2026
B7: NECESIDAD | C7: ESPECIFICACIONES | D7: CANTIDAD | E7: COSTO UNITARIO MÁXIMO (Incluido Iva) | F7: COSTO TOTAL MÁXIMO (Incluido Iva) | G7: COSTO UNITARIO OFERTADO (Incluido Iva) | H7: COSTO UNITARIO REDONDEADO (Incluido Iva) | I7: COSTO TOTAL OFERTADO (Incluido Iva)
B8: BARRAS DE SILICONA GRANDE | C8: -Grande X 10 unidades | D8: 2 | E8: 20700 | F8: =$D8*E8 -> 41400 | H8: =ROUND(G8,0) -> 0 | I8: =+H8*D8 -> 0
B9: BLOCK CARTA RAYADO DE 50 HOJAS | C9: -Tipo Carta rayado de 50 hojas | D9: 1 | E9: 4800 | F9: =$D9*E9 -> 4800 | H9: =ROUND(G9,0) -> 0 | I9: =+H9*D9 -> 0
B10: BOLÍGRAFO NEGRO CAJA POR 12 | C10: - Bolígrafos nuevos, larga duración, cuerpo ergonómico, color de tinta negra | D10: 1 | E10: 8600 | F10: =$D10*E10 -> 8600 | H10: =ROUND(G10,0) -> 0 | I10: =+H10*D10 -> 0
B11: BORRADOR TIPO NATA CAJA X 12 UNDS | C11: -Color blanco, ideal para borrar lápiz de grafito. | D11: 1 | E11: 10000 | F11: =$D11*E11 -> 10000 | H11: =ROUND(G11,0) -> 0 | I11: =+H11*D11 -> 0
B12: CAJA X12 DE COLORES JUMBO TRIANGULAR | C12: -Presentación caja por 12 unidades -Tipo Jumbo Triangular x12 -5,5 milímetros de mina | D12: 6 | E12: 31000 | F12: =$D12*E12 -> 186000 | H12: =ROUND(G12,0) -> 0 | I12: =+H12*D12 -> 0
B13: CARTÓN PAJA OCTAVOS | C13: Por octavos, color crema, paquete por 10 unid | D13: 1 | E13: 10200 | F13: =$D13*E13 -> 10200 | H13: =ROUND(G13,0) -> 0 | I13: =+H13*D13 -> 0
B14: CARTULINA POR OCTAVOS | C14: Paquete x 100 unidades | D14: 1 | E14: 17900 | F14: =$D14*E14 -> 17900 | H14: =ROUND(G14,0) -> 0 | I14: =+H14*D14 -> 0
B15: CINTA DE ENMASCARAR 48mm | C15: Rollo de cinta de enmascarar de 48mm * 40 mts. | D15: 2 | E15: 12000 | F15: =$D15*E15 -> 24000 | H15: =ROUND(G15,0) -> 0 | I15: =+H15*D15 -> 0
B16: CINTA TRANSPARENTE AUTOADHESIVAS 48mm | C16: Cintas transparente de 48mm * 40 mts. | D16: 2 | E16: 5000 | F16: =$D16*E16 -> 10000 | H16: =ROUND(G16,0) -> 0 | I16: =+H16*D16 -> 0
B17: CRAYOLAS | C17: Tipo Extra Jumbo x12 Colores brillantes. Hechos bajo estándares internacionales de calidad. Tamaño Jumbo en cuerpos redondo y triangular. No tóxicos. | D17: 2 | E17: 16000 | F17: =$D17*E17 -> 32000 | H17: =ROUND(G17,0) -> 0 | I17: =+H17*D17 -> 0
B18: TIZAS | C18: Tiza Pastel x12 unidades Medidas: 1.9 cm x 7.3 cm x 18.9 cm en empaque | D18: 2 | E18: 16900 | F18: =$D18*E18 -> 33800 | H18: =ROUND(G18,0) -> 0 | I18: =+H18*D18 -> 0
B19: CUADERNOS CUADRICULADOS x 100 HOJAS | C19: Grapado x 100 hojas | D19: 5 | E19: 2500 | F19: =$D19*E19 -> 12500 | H19: =ROUND(G19,0) -> 0 | I19: =+H19*D19 -> 0
... B70: HILO BUFALO | C70: Hilo Búfalo x 40grs, se utiliza en la bisutería para tejer mostacillas, chaquiras, chaquirones, entre otro tipo de cuentas pequeñas, utilizado también para tejer en telar | D70: 2 | E70: 10000 | F70: =$D70*E70 -> 20000 | H70: =ROUND(G70,0) -> 0 | I70: =+H70*D70 -> 0
B71: TOTAL ELEMENTOS DE PAPELERÍA PARA EL ÁREA DE ACOMPAÑAMIENTO PEDAGÓGICO RECONOCIDOS A DEMANDA | F71: =SUM(F8:F70) -> 2517300 | I71: =SUM(I8:I70) -> 0
B72: Nota 1: Todos los elementos descritos en la tabla anterior Elementos de dotación para el acompañamiento pedagógico de la Casa Refugio, serán verificados y reconocidos conforme al uso mensual, de acuerdo con las actividades planeadas y desarrolladas por el área responsable. Nota 2: Se reconocerá el valor unitario presentado en la oferta económica conforme a los soportes de entrega de acuerdo con lo establecido en la lista de chequeo. En ningún caso se reconocerán valores unitarios superiores a los establecidos en la oferta económica del oferente. Para su acreditación y pago deberá incluirse los siguientes soportes: Documento interno del operador en el cual relaciona los elementos utilizados durante el periodo reportado y/o mes de ejecución, valor unitario y valor total, firmado por el representante legal, Formato establecido por la Secretaria Distrital de la Mujer, donde se relacione la entrega de elementos de forma diaria, semanal o mensual al personal del área, firmado por la coordinadora administrativa y la profesional del área de la Casa Refugio, y de la profesional de la Secretaría Distrital de la Mujer y demás documentos establecidos en la lista de chequeo. NOTA 3: Los elementos cuya descripción sea la misma en los diferentes rubros deberán conservar el mismo valor unitario de cotización. En caso de que la Secretaría identifique diferencias en los valores cotizados para elementos con idénticas características, especificaciones o presentación, se tomará como válido el valor unitario más bajo registrado en las cotizaciones presentadas.
B73: NOTA 4: Teniendo en cuenta el alcance de la Estrategia, en el marco del proceso de atención, el contratista a través del equipo interdisciplinario deberá realizar la gestión para que, al ingreso y luego de la valoración del área de pedagogía, se identifique la posibilidad de articular con redes de apoyo familiares, sociales o institucionales el acceso a los útiles e insumos escolares que se requieran para la continuidad de las actividades académicas y/o de formación tanto para la mujer como para sus hijos e hijas. NOTA 5: Es importante utilizar los ele mentos de papelería mencionados en este Anexo Técnico para el desarrollo de las actividades colectivas, por lo cual deberán ser contemplados desde el diseño de las metodologías a implementar en estas actividades, propendiendo por el uso de la creatividad y el aprendizaje activo de las personas acogidas.

Sheet 4. ELEMENTOS PAPELERÍA (UR)_RU
B3: SECRETARIA DISTRITAL DE LA MUJER
B4: ANEXO DE OFERTA ECONÓMICA LOTE 2 MODALIDAD RURAL - HOJA 4. ELEMENTOS DE PAPELERÍA PARA EL ÁREA DE ACOMPAÑAMIENTO PEDAGÓGICO RECONOCIDOS A DEMANDA ELEMENTOS DE DOTACIÓN PARA ESPACIOS SOCIALES, INTEGRACIÓN O RECREACIÓN - ÚNICO RECONOCIMIENTO
B6: Elementos Entregables por Demanda | G6: PRESUPUESTO 2026
B7: NECESIDAD | C7: ESPECIFICACIONES | D7: CANTIDAD | E7: COSTO UNITARIO MÁXIMO (Incluido Iva) | F7: COSTO TOTAL MÁXIMO (Incluido Iva) | G7: COSTO UNITARIO OFERTADO (Incluido Iva) | H7: COSTO UNITARIO REDONDEADO (Incluido Iva) | I7: COSTO TOTAL OFERTADO (Incluido Iva)
B9: ELEMENTOS DE PAPELERÍA PARA EL ÁREA DE ACOMPAÑAMIENTO PEDAGÓGICO RECONOCIDOS A DEMANDA - Único Reconocimiento incluyen los elementos que serán reconocidos por una sola vez durante el primer periodo de ejecución del contrato a partir de la fecha de inicio de este, dado que corresponden a la dotación inicial o a la implementación básica necesaria para el inicio y adecuado desarrollo de las actividades operativas. Estos elementos corresponden a la dotación inicial o a la implementación básica requerida para el inicio y adecuado desarrollo de las actividades operativas del servicio. En este sentido, serán reconocidos por una sola vez durante el primer periodo de ejecución del contrato, contado a partir de la suscripción del acta de inicio, y no serán objeto de prorrateo en su valor de pago, en razón a que no constituyen bienes de consumo recurrente. En caso de presentarse daño, deterioro o avería que afecte su funcionamiento, dichos elementos deberán ser reparados o reemplazados por el operador, garantizando el cumplimiento de las especificaciones técnicas establecidas en el Anexo Técnico; no obstante, no se reconocerán pagos adicionales por concepto de mantenimiento, reposición o ajustes posteriores, en la medida en que estos riesgos hacen parte de la adecuada ejecución del contrato.
B10: PISTOLA PARA SILICONA GRANDE La pistola de silicona se adquiere en una sola compra y se repondrá solamente cuando sea necesario por daño o averío que afecte su funcionamiento. | C10: -Apta para uso de barras de silicona gruesas -Conexión eléctrica -60W -Entre 110V-240V | D10: 1 | E10: 18000 | F10: =$D10*E10 -> 18000 | H10: =ROUND(G10,0) -> 0 | I10: =+H10*D10 -> 0
B11: TRANSPORTADOR 360 º | C11: Transportador de 360° fabricado en plástico. | D11: 2 | E11: 3600 | F11: =$D11*E11 -> 7200 | H11: =ROUND(G11,0) -> 0 | I11: =+H11*D11 -> 0
B12: COMPÁS DE PRECISIÓN Este elemento se debe usar con acompañamiento de las pedagogas o profesional responsable de la actividad en tareas escolares. | C12: Con mina de repuesto. | D12: 2 | E12: 19900 | F12: =$D12*E12 -> 39800 | H12: =ROUND(G12,0) -> 0 | I12: =+H12*D12 -> 0
B13: TIJERAS PUNTA ROMA | C13: De tamaño entre 10 y 13 cm, con capacidad para cortar papel, tela, cartulina etc, y diseño adecuado para derechos y zurdos. De hoja (cuchilla) de acero inoxidable y punta roma. El mango forrado en colores variados, resistente a quebrarse. | D13: 4 | E13: 7900 | F13: =$D13*E13 -> 31600 | H13: =ROUND(G13,0) -> 0 | I13: =+H13*D13 -> 0
B14: TIJERAS OFICINA 8,5 Este elemento es de uso exclusivo de las pedagogas o profesional responsable de la actividad y no podrá ser manipulado por las mujeres ni sus personas a cargo. Se adquiere una sola vez y se repondrá según necesidad por daño o no funcionamiento del elemento. | C14: Hoja de acero. | D14: 1 | E14: 6500 | F14: =$D14*E14 -> 6500 | H14: =ROUND(G14,0) -> 0 | I14: =+H14*D14 -> 0
B15: ELEMENTOS DE DOTACIÓN PARA ESPACIOS SOCIALES, INTEGRACIÓN O RECREACIÓN
B16: ELEMENTOS QUE PROMUEVAN ESPACIOS DE RECREACIÓN E INTEGRACIÓN | C16: Juegos que fomenten la creatividad y la imaginación, juegos que permiten a los más pequeños estimular su pensamiento abstracto y aprender a resolver problemas imaginando posibles soluciones, ver sus fortalezas y debilidades y contribuir en la construcción de su autoestima y a la integración familiar y de las personas acogidas. Se recomienda el acceso a elementos deportivos como balones, lazos para saltar, pelotas, entre otros. | D16: 8 | E16: 8400 | F16: =$D16*E16 -> 67200 | H16: =ROUND(G16,0) -> 0 | I16: =+H16*D16 -> 0
B17: ARMATODO DE 100 PIEZAS | C17: Material plástico (polipropileno) rígido y resistente, Ficha grande No toxico ni nocivo, figuras de formas y tamaños grandes que permiten diferentes tipos de ensamble entre ellas. Sin riesgo de ser ingeridas, empaque tipo tula. | D17: 2 | E17: 119800 | F17: =$D17*E17 -> 239600 | H17: =ROUND(G17,0) -> 0 | I17: =+H17*D17 -> 0
B18: JUEGOS DE MESA | C18: Material plástico (polipropileno), rígido y resistente, no toxico ni nocivo, figuras de formas y tamaños variados, para 4 a 8 jugadores. | D18: 4 | E18: 39900 | F18: =$D18*E18 -> 159600 | H18: =ROUND(G18,0) -> 0 | I18: =+H18*D18 -> 0
B19: JUEGOS TRADICIONALES | C19: Yoyo, trompo, coca (2 de cada uno) | D19: 6 | E19: 36000 | F19: =$D19*E19 -> 216000 | H19: =ROUND(G19,0) -> 0 | I19: =+H19*D19 -> 0
B20: CUENTOS INFANTILES NO SEXISTAS PARA NIÑAS Y NIÑOS | C20: Colección de cuentos para niñas y niños de diferentes edades | D20: 12 | E20: 36000 | F20: =$D20*E20 -> 432000 | H20: =ROUND(G20,0) -> 0 | I20: =+H20*D20 -> 0
B21: INSTRUMENTOS MUSICALES NO PROFESIONALES | C21: Instrumentos musicales no profesionales, que fomenten la recreación y diversión de las personas acogidas de acuerdo con los grupos de edad. Opciones recomendadas: tambor, pandereta, maracas, xilófono, claves en madera, triángulo. Preferiblemente que se puedan tocar con las manos y no con la boca, para evitar el riesgo de infecciones. | D21: 10 | E21: 24800 | F21: =$D21*E21 -> 248000 | H21: =ROUND(G21,0) -> 0 | I21: =+H21*D21 -> 0
F22: =SUM(F10:F21) -> 1465500 | I22: =SUM(I10:I21) -> 0
B23: Nota 1: Único Reconocimiento se incluyen los elementos que serán reconocidos por una sola vez durante el primer periodo de ejecución del contrato a partir de la fecha de inicio de este, dado que corresponden a la dotación inicial o a la implementación básica necesaria para el inicio y adecuado desarrollo de las actividades operativas. Los elementos adquiridos una única vez en el marco de la ejecución contractual no deben ser objeto de prorrateo en su valor de pago. En consecuencia, si se llegaran a requerir entregas adicionales, el equipo técnico realizará la respectiva revisión y validación de la necesidad, conforme a las condiciones establecidas en el proceso de acogida. Estos elementos se repondrán únicamente cuando sea necesario por daño o avería que afecte su funcionamiento, y deberán cumplir con las especificaciones técnicas descritas en el numeral 6.6. del Anexo Técnico. Nota 2: Estos elementos hacen parte de la dotación para las áreas de acompañamiento pedagógico y área de actividades colectivas, ítems 12 y 15 del numeral 4.3.2.2 requisitos de las áreas y/o espacios de atención.

Sheet 5. ASEO INSTITUCIONAL_RU
B3: SECRETARIA DISTRITAL DE LA MUJER
B4: ANEXO DE OFERTA ECONÓMICA LOTE 2 MODALIDAD RURAL - HOJA 5. DOTACIÓN DE ELEMENTOS DE ASEO INSTITUCIONAL
B6: Elementos de Aseo Institucional | G6: PRESUPUESTO 2026
B7: NECESIDAD | C7: ESPECIFICACIONES | D7: CANTIDAD | E7: COSTO UNITARIO MÁXIMO (Incluido Iva) | F7: COSTO TOTAL MÁXIMO (Incluido Iva) | G7: COSTO UNITARIO OFERTADO (Incluido Iva) | H7: COSTO UNITARIO REDONDEADO (Incluido Iva) | I7: COSTO TOTAL OFERTADO (Incluido Iva)
B8: RECOGEDOR. Se debe disponer de un recogedor para cada una de las siguientes áreas: servicio de alimentos, áreas comunes, shut y baños, destinados al uso de las operarias. El quinto recogedor será de uso exclusivo para las mujeres que realizan actividades de aseo en la Casa Refugio. Este elemento se reemplazará únicamente cuando se encuentre desgastado o en condiciones no aptas para su utilización. | C8: - Elaborado en plástico - Con banda de goma y dientas barre escobas - Mango con longitud mínima de 70 cm | D8: 5 | E8: 7500 | F8: =$D8*E8 -> 37500 | H8: =ROUND(G8,0) -> 0 | I8: =+H8*D8 -> 0
B9: BALDE | C9: - Elaborado en plástico - Capacidad de mínima de 10 litros - Con manija móvil - Con "pico" antiderrames | D9: 2 | E9: 19000 | F9: =$D9*E9 -> 38000 | H9: =ROUND(G9,0) -> 0 | I9: =+H9*D9 -> 0
B10: TRAPERO. Se debe disponer de un trapero para cada una de las siguientes áreas: servicio de alimentos, áreas comunes, shut y baños, destinados al uso de las operarias. El quinto trapero será de uso exclusivo para las mujeres que realizan actividades de aseo en la Casa Refugio. Este elemento se reemplazará únicamente cuando se encuentre desgastado o en condiciones no aptas para su utilización | C10: - Elaborado con hilaza de algodón natural - Mecha con peso mínimo 250 gr y extensión mínima de 32 cm de largo - Material de base en plástico con acople tipo rosca -Codificar por colores de acuerdo con las áreas de la Casa Refugio y lo dispuesto en el Plan de Saneamiento Básico. | D10: 5 | E10: 12900 | F10: =$D10*E10 -> 64500 | H10: =ROUND(G10,0) -> 0 | I10: =+H10*D10 -> 0
B11: ESCOBA. Se debe disponer de una escoba para cada una de las siguientes áreas: servicio de alimentos, áreas comunes, shut y baños, destinados al uso de las operarias. La quinta escoba será de uso exclusivo para las mujeres que realizan actividades de aseo en la Casa Refugio. Este elemento se reemplazará únicamente cuando se encuentre desgastado o en condiciones no aptas para su utilización. | C11: - Cerdas duras elaboradas con PET calibre entre 0,4 y 0,6 mm. - Área de barrido mínima de 25 cm de ancho, 6 cm mínimo de largo y 120 cm de alto - Material de base en plástico con acople tipo rosca -Codificar por colores de acuerdo con las áreas de la Casa Refugio y lo dispuesto en el Plan de Saneamiento Básico. | D11: 5 | E11: 29900 | F11: =$D11*E11 -> 149500 | H11: =ROUND(G11,0) -> 0 | I11: =+H11*D11 -> 0
B12: CEPILLO DE MANO LAVA-ROPA | C12: - Tipo plancha, con mango de plástico - Cuerpo elaborado en plástico - Cerdas duras en fibra plástica - Tamaño mínimo de 15 cm de largo por 5 cm de ancho por 6 cm de alto. | D12: 3 | E12: 5900 | F12: =$D12*E12 -> 17700 | H12: =ROUND(G12,0) -> 0 | I12: =+H12*D12 -> 0
B13: BOMBILLAS AHORRADORAS DE LUZ | C13: - Bombillos tipo Led 40w Luz Fría | D13: 4 | E13: 25900 | F13: =$D13*E13 -> 103600 | H13: =ROUND(G13,0) -> 0 | I13: =+H13*D13 -> 0
B14: COGE OLLAS | C14: - Material del utensilio en silicona - Diseño para la movilización de ollas calientes - Medidas: mínimo de 10 cm NOTA: El elemento se reconocerá únicamente cuando se evidencie daño o exista la necesidad justificada de su reemplazo, conforme a la verificación y validación técnica realizada por el área responsable. | D14: 3 | E14: 19900 | F14: =$D14*E14 -> 59700 | H14: =ROUND(G14,0) -> 0 | I14: =+H14*D14 -> 0
B15: SERVILLETAS PAQUETE DE 100 | C15: - Hoja sencilla absorbente, dimensión aproximada mínima de 27 x 16.5 cm. - Paquete por 100 unidades | D15: 6 | E15: 3400 | F15: =$D15*E15 -> 20400 | H15: =ROUND(G15,0) -> 0 | I15: =+H15*D15 -> 0
B16: CAJA DE FOSFOROS | C16: - Caja x 200 unidades, para uso doméstico, de encendido al contacto por raspado. | D16: 2 | E16: 2800 | F16: =$D16*E16 -> 5600 | H16: =ROUND(G16,0) -> 0 | I16: =+H16*D16 -> 0
B17: BOLSAS NEGRAS INDUSTRIALES PAQUETE X 6 | C17: - Elaborada en polietileno de baja densidad - De color negro calibre de mínimo 2 - Tamaño de 90 cm de ancho por 120 cm de largo | D17: 8 | E17: 5900 | F17: =$D17*E17 -> 47200 | H17: =ROUND(G17,0) -> 0 | I17: =+H17*D17 -> 0
B18: BOLSAS ROJAS PAQUETE X 6 | C18: - Elaborada en polietileno de baja densidad - De color rojo - Calibre de mínimo 2 -Tamaño de 45 cm de ancho por 60 cm de largo - Con impresión de aviso de riesgo biológico. | D18: 3 | E18: 1000 | F18: =$D18*E18 -> 3000 | H18: =ROUND(G18,0) -> 0 | I18: =+H18*D18 -> 0
B19: BOLSAS VERDES PAQUETE X 6 | C19: - Elaborada en polietileno de baja densidad - De color verde - tamaño de 90 cm de ancho por 120 cm de largo | D19: 8 | E19: 6400 | F19: =$D19*E19 -> 51200 | H19: =ROUND(G19,0) -> 0 | I19: =+H19*D19 -> 0
... B44: BOLSAS ROJAS PAQUETE X 6 | C44: Elaborada en polietileno de baja densidad - De color rojo - Calibre de mínimo 2 tamaño de 31 cm ancho x 35 cm de largo - Con impresión de aviso de riesgo biológico | D44: 3 | E44: 2000 | F44: =$D44*E44 -> 6000 | H44: =ROUND(G44,0) -> 0 | I44: =+H44*D44 -> 0
B45: TOTAL ELEMENTOS ASEO INSTITUCIONAL | F45: =SUM(F8:F44) -> 1474000 | I45: =SUM(I8:I44) -> 0
B46: Nota 1: Se reconocerá conforme a la propuesta económica presentada y los soportes requeridos en la lista de chequeo. En ningún caso este valor podrá ser superior al valor de la oferta ni a la cantidad de elementos mensuales ofertados. Para su acreditación y pago deberá incluirse los siguientes soportes: Documento interno del operador en el cual relaciona los elementos utilizados durante el periodo reportado y/o mes de ejecución, valor unitario y valor total, firmado por el representante legal, Formato establecido por la Secretaria Distrital de la Mujer, donde se relacione la entrega de elementos de forma diaria o semanal al personal de servicios generales y cocina, conforme a la necesidad presentada por las áreas, con fecha de entrega, firma de la coordinadora administrativa, firma de quien recibe y firma de la profesional de la Secretaría Distrital de la Mujer y demás documentos establecidos en la lista de chequeo. La Secretaría Distrital de la Mujer NO reconocerá elementos que se encuentren preenvasados o reempacados; toda vez que la propuesta económica y el anexo técnico cuenta con las especificaciones para la entrega de estos elementos de forma unitaria. A su vez, se deben garantizar los protocolos de Bioseguridad. Nota 2: Todos los productos y elementos relacionados en el presente anexo técnico deberán contar con registro sanitario vigente ante el INVIMA, conforme a la normatividad sanitaria aplicable. Nota 3: Los elementos como cofias, tapabocas y polainas se podrán entregar para el desarrollo de actividades de supervisión y visitas de entes de control que se realicen en el servicio de alimentos.

Sheet 5. ASEO INSTITUCIONAL (UR)_RU
B3: SECRETARIA DISTRITAL DE LA MUJER
B4: ANEXO DE OFERTA ECONÓMICA LOTE 2 MODALIDAD RURAL- HOJA 5. DOTACIÓN DE ELEMENTOS DE ASEO INSTITUCIONAL - ÚNICO RECONOCIMIENTO
B6: Elementos de Aseo Institucional | G6: PRESUPUESTO 2026
B7: NECESIDAD | C7: ESPECIFICACIONES | D7: CANTIDAD | E7: COSTO UNITARIO MÁXIMO (Incluido Iva) | F7: COSTO TOTAL MÁXIMO (Incluido Iva) | G7: COSTO UNITARIO OFERTADO (Incluido Iva) | H7: COSTO UNITARIO REDONDEADO (Incluido Iva) | I7: COSTO TOTAL OFERTADO (Incluido Iva)
B9: ELEMENTO DE ASEO INSTITUCIONAL -Dotación de elementos de aseo institucional único reconocimiento se incluyen los elementos que serán reconocidos por una sola vez durante el primer periodo de ejecución del contrato a partir de la fecha de inicio de este, dado que corresponden a la dotación inicial o a la implementación básica necesaria para el inicio y adecuado desarrollo de las actividades operativas. Los elementos adquiridos una única vez en el marco de la ejecución contractual no deben ser objeto de prorrateo en su valor de pago. En consecuencia, si se llegaran a requerir entregas adicionales, el equipo técnico realizará la respectiva revisión y validación de la necesidad, conforme a las condiciones establecidas en el proceso de acogida. Estos elementos se repondrán únicamente cuando sea necesario por daño o avería que afecte su funcionamiento, y deberán cumplir con las especificaciones técnicas descritas en el numeral 5.3.2.3 del Anexo Técnico.
B10: DISPENSADOR INSTITUCIONAL DE TOALLAS DE PAPEL EN Z | C10: - Dispensador para toallas tipo Z o C. - Medidas aproximadas: alto:19 cm; ancho: 26 cm y fondo:10 cm. - Peso: 470 g. - Material: polipropileno. - Anclaje en pared al lado o en el área de lavado de manos del servicio de alimentos | D10: 1 | E10: 41500 | F10: =$D10*E10 -> 41500 | H10: =ROUND(G10,0) -> 0 | I10: =+H10*D10 -> 0
B11: BALDE DE LIMPIEZA CON ESCURRIDOR | C11: - Material Plástico - Incluye Cubeta, ruedas, escurridor y mango - Color amarillo - Capacidad 20 litros | D11: 1 | E11: 139900 | F11: =$D11*E11 -> 139900 | H11: =ROUND(G11,0) -> 0 | I11: =+H11*D11 -> 0
B12: CEPILLO PARA SANITARIO | C12: - Cerdas duras elaboradas en fibras plásticas - Extensión mínima de las cerdas es de 2,5 cm - Base y mango elaborados en plástico - Mango con longitud mínima de 33 cm Se debe disponer de un cepillo para lavado de sanitario por cada baño y se reemplazará solamente cuando se desgaste o no cuente con buenas condiciones para su utilización. | D12: 6 | E12: 16900 | F12: =$D12*E12 -> 101400 | H12: =ROUND(G12,0) -> 0 | I12: =+H12*D12 -> 0
F13: =SUM(F10:F12) -> 282800 | I13: =SUM(I10:I12) -> 0
B14: Nota 1: Único Reconocimiento se incluyen los elementos que serán reconocidos por una sola vez durante el primer periodo de ejecución del contrato a partir de la fecha de inicio de este, dado que corresponden a la dotación inicial o a la implementación básica necesaria para el inicio y adecuado desarrollo de las actividades operativas. Los elementos adquiridos una única vez en el marco de la ejecución contractual no deben ser objeto de prorrateo en su valor de pago. En caso de daño o avería que afecte su funcionamiento, estos elementos deberán repararse y/o remplazarse y deberán cumplir con las especificaciones técnicas descritas en el Anexo Técnico numeral 5.3.2.3, sin embargo, no se contemplarán pagos adicionales por mantenimiento, reposición o ajustes posteriores como parte de este concepto. Nota 2: Se reconocerá conforme a la propuesta económica presentada y los soportes requeridos en la lista de chequeo. En ningún caso este valor podrá ser superior al valor de la oferta ni a la cantidad de elementos mensuales ofertados. Para su acreditación y pago deberá incluirse los siguientes soportes: Documento interno del operador en el cual relaciona los elementos utilizados durante el periodo reportado y/o mes de ejecución, valor unitario y valor total, firmado por el representante legal, Formato establecido por la Secretaria Distrital de la Mujer, donde se relacione la entrega de elementos de forma diaria o semanal al personal de servicios generales y cocina, conforme a la necesidad presentada por las áreas, con fecha de entrega, firma de la coordinadora administrativa, firma de quien recibe y firma de la profesional de la Secretaría Distrital de la Mujer y demás documentos establecidos en la lista de chequeo. La Secretaría Distrital de la Mujer NO reconocerá elementos que se encuentren preenvasados o reempacados; toda vez que la propuesta económica y el anexo técnico cuenta con las especificaciones para la entrega de estos elementos de forma unitaria. A su vez, se deben garantizar los protocolos de Bioseguridad. Nota 3: Los elementos cuya descripción sea la misma en los diferentes rubros deberán conservar el mismo valor unitario de cotización. En caso de que la Secretaría identifique diferencias en los valores cotizados para elementos con idénticas características, especificaciones o presentación, se tomará como válido el valor unitario más bajo registrado en las cotizaciones presentadas.

Sheet 6. DOTACIÓN_RU
B3: SECRETARIA DISTRITAL DE LA MUJER
B4: ANEXO DE OFERTA ECONÓMICA LOTE 2 MODALIDAD RURAL - HOJA 6. DOTACIÓN
B6: Elementos entregables por Demanda | G6: PRESUPUESTO 2026
B7: NECESIDAD | C7: ESPECIFICACIONES | D7: CANTIDAD | E7: COSTO UNITARIO MÁXIMO (Incluido Iva) | F7: COSTO TOTAL MÁXIMO (Incluido Iva) | G7: COSTO UNITARIO OFERTADO (Incluido Iva) | H7: COSTO UNITARIO REDONDEADO (Incluido Iva) | I7: COSTO TOTAL OFERTADO (Incluido Iva)
B8: 1. DOTACIÓN DE ÁREA DE INGRESO:
B9: ESCRITORIO | C9: - Material: metálico o madera o madera aglomerada o MDP. - Cajones o entrepaños: mínimo 2 - Ancho (profundidad): medidas mínimas entre 40 cm y 50 cm - Alto: medidas mínimas entre 70 cm y 75 cm - Largo: medidas mínimas entre 100 cm y 120 cm | D9: 1 | E9: 41700 | F9: =$D9*E9 -> 41700 | H9: =ROUND(G9,0) -> 0 | I9: =+H9*D9 -> 0
B10: SILLAS | C10: -Base y patas metálicas -Sin brazos y tapizada -Grosor de espaldar y asiento aproximado: entre 4 cm y 5 cm. -Altura total aproximada de la silla: entre 80 cm y 90 cm -Altura aproximada de piso a base: entre 40 cm y 50 cm -Profundidad aproximada: entre 40 cm y 60 cm. | D10: 3 | E10: 9300 | F10: =$D10*E10 -> 27900 | H10: =ROUND(G10,0) -> 0 | I10: =+H10*D10 -> 0
B11: 2. DOTACIÓN DE ÁREA DE COMEDOR:
B12: MESA COMEDOR | C12: - Mesa cuadrada de plástico - Buenas condiciones de limpieza y funcionamiento - Medidas aproximadas: largo y ancho entre 70 y 85 cm, altura entre 70 y 75 cm | D12: 5 | E12: 13500 | F12: =$D12*E12 -> 67500 | H12: =ROUND(G12,0) -> 0 | I12: =+H12*D12 -> 0
B13: SILLA DE COMEDOR | C13: - Material de plástico y sin brazos - Buenas condiciones de limpieza y funcionamiento, sin grietas - Medidas aproximadas: ancho entre 45 y 58 cm y alto entre 85 y 90 cm | D13: 20 | E13: 4900 | F13: =$D13*E13 -> 98000 | H13: =ROUND(G13,0) -> 0 | I13: =+H13*D13 -> 0
B14: MESA COMEDOR INFANTIL | C14: - Mesa cuadrada de plástico no enmendaduras - Buenas condiciones de limpieza y funcionamiento - Medidas aproximadas: largo y ancho entre 50 y 75 cm, alto entre 50 y 55 cm. | D14: 2 | E14: 8200 | F14: =$D14*E14 -> 16400 | H14: =ROUND(G14,0) -> 0 | I14: =+H14*D14 -> 0
B15: SILLA COMEDOR INFANTIL | C15: - Material plástico y con brazos - Buenas condiciones de limpieza y funcionamiento, sin grietas ni enmendaduras - Medidas aproximadas: largo entre 38 y 42 cm, ancho entre 37 y 40 cm y alto entre 53 y 55 cm. | D15: 8 | E15: 1900 | F15: =$D15*E15 -> 15200 | H15: =ROUND(G15,0) -> 0 | I15: =+H15*D15 -> 0
B16: SILLA COMEDOR PARA BEBÉ | C16: - Material plástico - Buenas condiciones de limpieza y funcionamiento - Medidas mínimas: largo entre 60 y 65 cm, ancho entre 56 y 62 cm y alto entre 77 y 80 cm | D16: 4 | E16: 4400 | F16: =$D16*E16 -> 17600 | H16: =ROUND(G16,0) -> 0 | I16: =+H16*D16 -> 0
B17: RELOJ DE PARED | C17: -Reloj de pared con visualización adecuada de la númeración -Material Plástico, -Diámetro o ancho mínimo entre 20 y 30 cm. | D17: 1 | E17: 3800 | F17: =$D17*E17 -> 3800 | H17: =ROUND(G17,0) -> 0 | I17: =+H17*D17 -> 0
B18: BUZON DE SUGERENCIAS | C18: -Buzón elaborado en lámina de acrílico, chapa guantera y juego de llaves. -Traslúcido o transparente. -Calibre mínimo de 3 mm. -Logo y texto de la Secretaría Distrital de la Mujer. -Medidas mínimas: entre alto 20 a 30cm, largo 20 a 30 cm y fondo 15 cm a 25 cm. | D18: 1 | E18: 12300 | F18: =$D18*E18 -> 12300 | H18: =ROUND(G18,0) -> 0 | I18: =+H18*D18 -> 0
B19: CAJA DE LLAVES CON CÓDIGO DE DÍGITOS | C19: Caja de llaves con código de dígitos (clave de combinación de números) | D19: 1 | E19: 1500 | F19: =$D19*E19 -> 1500 | H19: =ROUND(G19,0) -> 0 | I19: =+H19*D19 -> 0
B20: 3. DOTACIÓN ÁREA DE COCINA Y PREPARACIÓN DE ALIMENTOS
B21: REFRIGERADOR INDUSTRIAL VERTICAL SENCILLO O UNA PUERTA | C21: - Capacidad: 650 litros. - Material: acero inoxidable interior y exterior. - Entrepaños lisos, sin huecos u orificios. - Dimensiones máximas aproximadas: 203 cm a 211 cm x 68 cm a 75 cm x 84 cm a 87 cm (Alto, Ancho y Fondo) - Sistema de una puerta o ala de acero inoxidable. - Control digital de temperatura/termostato en el frente. - Base sobre rodachines. Nota: En caso de no contar con entrepaños sin huecos u orificios, el operador deberá asegurar con bandejas u otros mecanismos que no haya contaminación cruzada entre alimentos. Durante su uso se deberá mantener un rango de temperaturas de 0ºC a 4ºC. | D21: 1 | E21: 250500 | F21: =$D21*E21 -> 250500 | H21: =ROUND(G21,0) -> 0 | I21: =+H21*D21 -> 0
B22: CONGELADOR INDUSTRIAL VERTICAL SENCILLO O UNA PUERTA | C22: - Rango de temperaturas: -13°C a -18°C - Sistema No-Frost. - Capacidad: 650 litros. - Material: acero inoxidable interior y exterior. - Entrepaños lisos, sin huecos u orificios. - Dimensiones máximas aproximadas: 203 cm a 211 cm x 68 cm a 75 cm x 83 cm a 87 cm (Alto, Ancho y Fondo) - Sistema de una puerta o ala de acero inoxidable. - Control digital de temperatura/termostato en el frente. - Base sobre rodachines. Nota: En caso de no contar con entrepaños sin huecos u orificios, el operador deberá asegurar con bandejas u otros mecanismos que no haya contaminación cruzada entre alimentos. | D22: 1 | E22: 418500 | F22: =$D22*E22 -> 418500 | H22: =ROUND(G22,0) -> 0 | I22: =+H22*D22 -> 0
B23: HORNO MICROONDAS | C23: - Capacidad 0,7 pies cúbicos - 20 Lt Uso Doméstico - Potencia 700W - Debe contar con hasta 10 niveles de potencia y funciones predeterminadas de preparación de alimentos, menú programable - Pantalla LED | D23: 1 | E23: 23900 | F23: =$D23*E23 -> 23900 | H23: =ROUND(G23,0) -> 0 | I23: =+H23*D23 -> 0
B24: LICUADORA CAPACIDAD PARA DOS LITROS | C24: - Motor potente y eficiente de 38.000 RPM. - Potencia: 1500 W - Peso aproximado: mínimo 6 Kg - Capacidad de vaso: 2 litros. - Cuchilla de acero inoxidable. - Vaso de policarbonato de alta resistencia. - Tapa hermética con copa medidora. | D24: 1 | E24: 15800 | F24: =$D24*E24 -> 15800 | H24: =ROUND(G24,0) -> 0 | I24: =+H24*D24 -> 0
B25: ESTUFA LINEAL DE TRES (3) QUEMADORES | C25: Es una (1) estufa lineal de tres (3) quemadores, cada quemador conformado por dos (2) unidades concéntricas. | D25: 1 | E25: 110400 | F25: =$D25*E25 -> 110400 | H25: =ROUND(G25,0) -> 0 | I25: =+H25*D25 -> 0
B26: CAMPANA EXTRACTORA | C26: -Campana extractora: medidas aproximadas mínimas 90 cm a 120 cm de ancho. -Número de velocidades: tres (3). -Filtros de carbón activado (cambio cada seis (6) meses). -Material: acero inoxidable. -Sistema de fácil acceso al interior de la campana para mantenimiento y limpieza. | D26: 1 | E26: 119000 | F26: =$D26*E26 -> 119000 | H26: =ROUND(G26,0) -> 0 | I26: =+H26*D26 -> 0
B27: TERMÓMETRO DIGITAL DE PUNZÓN | C27: Son los termómetros usados para las mediciones rutinarias en el servicio de alimentos: - Tipo: Bimetálico de punzón, con cubierta de acero inoxidable. - Capacidad: Para realizar mediciones de temperatura entre -20ºC a 120ºC. - Resolución o división de escala: 0,1 ºC. - Unidad de medida: Grados Celsius (ºC). | D27: 2 | E27: 9500 | F27: =$D27*E27 -> 19000 | H27: =ROUND(G27,0) -> 0 | I27: =+H27*D27 -> 0
B28: GRAMERA DE ALIMENTOS O COCINA | C28: - Tipo: clase III (se refiere a la capacidad o exactitud media de un instrumento, de acercarse al valor de la magnitud real). - Unidad de medida: gramos (g). - División de escala: 1 g. - Capacidad mínima: 10 g a 20 g. - Capacidad máxima: 1000 g – 3000 g - Debe contar con función de TARA/TARE. - Digital y uso de baterías recargables. - Material: superficie de pesaje en acero inoxidable. - Limpieza: Se debe poder limpiar y desinfectar con todos los agentes de limpieza de uso comercial. - Garantía de mínimo tres años. - Debe tener un empaque que facilite su almacenamiento y transporte, que garanticen las condiciones necesarias para mantener la calibración. | D28: 1 | E28: 7500 | F28: =$D28*E28 -> 7500 | H28: =ROUND(G28,0) -> 0 | I28: =+H28*D28 -> 0
B29: BÁSCULA DE RECEPCIÓN DE MATERIAS PRIMAS | C29: - Electrónica - Pantalla LED - Función de TARA/TARE - Capacidad mínima: 5 g - Capacidad máxima: 40 Kg - Dimensiones mínimas bandeja o plato: largo: 33 cm a 35 cm y ancho: 23 cm a 25 cm. - Dimensiones mínimas báscula: ancho: 32 cm a 35 cm, largo: 30 cm a 33 cm y alto: 10 cm a 12 cm. - Material: superficie de pesaje en acero inoxidable. | D29: 1 | E29: 34000 | F29: =$D29*E29 -> 34000 | H29: =ROUND(G29,0) -> 0 | I29: =+H29*D29 -> 0
B30: MENAJE DE ACERO INOXIDABLE | C30: -Platos hondos pequeños de 14 cm a 21 cm. -Platos planos de 24 cm a 28 cm. -Pocillos con agarradera para bebidas calientes de 250 ml -Vasos para bebidas frías de 250 ml -Cucharas soperas de acero inoxidable con bordes cubiertos en buen estado Nota 1: menaje apto para personas mayores de 13 años. Nota 2: el operador podrá adquirir menaje adicional si lo requiere para servir ciertos alimentos específicos o si así lo solicita la Secretaría Distrital de la Mujer. Lo anterior, con el fin de no afectar las características organolépticas de los alimentos servidos. | D30: 15 | E30: 6400 | F30: =$D30*E30 -> 96000 | H30: =ROUND(G30,0) -> 0 | I30: =+H30*D30 -> 0
B31: MENAJE DE PLÁSTICO | C31: -Platos hondos pequeños de 14 cm a 21 cm. -Platos planos de 18 cm a 22 cm. -Pocillos con agarradera para bebidas calientes de 200 ml. -Vasos para bebidas frías de 200 ml. -Cucharas soperas de acero inoxidable con bordes cubiertos en buen estado -Apto para uso en horno microondas. Nota 1: menaje apto para niños y niñas menores de 12 años. Solo las cucharas deberán ser de acero inoxidable. Nota 2: el operador podrá adquirir menaje adicional si lo requiere para servir ciertos alimentos específicos o si así lo solicita la Secretaría Distrital de la Mujer. Lo anterior, con el fin de no afectar las características organolépticas de los alimentos servidos. | D31: 10 | E31: 4200 | F31: =$D31*E31 -> 42000 | H31: =ROUND(G31,0) -> 0 | I31: =+H31*D31 -> 0
B32: CUCHARAS / TAZAS MEDIDORAS PARA SÓLIDOS | C32: Set de cuatro (4) cucharas o tazas medidoras: - 1 taza 1/4 capacidad 60 ml - 1 taza 1/3 capacidad 80 ml - 1 taza 1/2 capacidad 125 ml - 1 taza capacidad 250 ml Material: acero inoxidable en buen estado | D32: 1 | E32: 7700 | F32: =$D32*E32 -> 7700 | H32: =ROUND(G32,0) -> 0 | I32: =+H32*D32 -> 0
... B40: CANECAS PARA RESIDUOS SOLIDOS | C40: - Colores: negro (1) y verde (1). - Capacidad: 50 a 53 Litros. - Material: polipropileno. - Sistema de pedal | D40: 2 | E40: 5400 | F40: =$D40*E40 -> 10800 | H40: =ROUND(G40,0) -> 0 | I40: =+H40*D40 -> 0
B41: 4. DOTACIÓN ÁREA DE ALMACENAMIENTO DE ALIMENTOS
B42: ESTANTERÍA METÁLICA | C42: -Bandejas o entrepaños graduales. -Material: metal. -Recubierto con pintura electrostática horneable de alta resistencia. -Medidas aproximadas: fondo: 30 cm a 50 cm, ancho: 90 cm a 100 cm y alto: 180 cm a 200 cm. Nota: deberá instalarse separado de la pared para evitar el contacto de los alimentos con esta superficie. | D42: 1 | E42: 19600 | F42: =$D42*E42 -> 19600 | H42: =ROUND(G42,0) -> 0 | I42: =+H42*D42 -> 0
B43: CANASTILLAS DE PLÁSTICO | C43: -Dimensiones aproximadas: ancho: 30 cm a 40 cm, largo: 50 cm a 60 cm y alto: 18 cm a 25 cm -Material: plástico de polietileno. | D43: 8 | E43: 2900 | F43: =$D43*E43 -> 23200 | H43: =ROUND(G43,0) -> 0 | I43: =+H43*D43 -> 0
B44: ESTIBAS DE PLÁSTICO PARA PISO | C44: -Dimensiones aproximadas: ancho: 100 cm a 120 cm, largo: 90 cm a 100 cm y alto: 10 cm a 15 cm. -Material: polietileno de alta densidad. | D44: 2 | E44: 4900 | F44: =$D44*E44 -> 9800 | H44: =ROUND(G44,0) -> 0 | I44: =+H44*D44 -> 0
B45: 5. DOTACIÓN ÁREA ALMACENAMIENTO TEMPORAL DE RESIDUOS
B46: CONJUNTO DE CANECAS DE BASURA INSTITUCIONAL CON TAPA Y RUEDAS | C46: -Tres (3) barriles plásticos con tapa y ruedas (en buen funcionamiento) para residuos orgánicos (color verde), inorgánicos (color negro) y aprovechables (blanco). -Material: polietileno de alta densidad. -Capacidad entre 100 a 120 litros. -Una (1) caneca de color rojo con tapa y sistema de pedal en buen funcionamiento con capacidad de 12 litros. | D46: 1 | E46: 76600 | F46: =$D46*E46 -> 76600 | H46: =ROUND(G46,0) -> 0 | I46: =+H46*D46 -> 0
B47: 6. DOTACIÓN ÁREA DE LAVANDERÍA
B48: MESA PARA PLANCHADO | C48: - Base de planchado en madera, cubierta en tela resistente al calor - Soporte en tubo metálico y sistema plegable - Con porta plancha | D48: 1 | E48: 4900 | F48: =$D48*E48 -> 4900 | H48: =ROUND(G48,0) -> 0 | I48: =+H48*D48 -> 0
B49: PLANCHA DE ROPA A VAPOR | C49: - Suela antiadherente en cerámica - Punta de precisión para llegar a áreas difíciles - Guía indicadora para seleccionar telas con facilidad. | D49: 1 | E49: 11800 | F49: =$D49*E49 -> 11800 | H49: =ROUND(G49,0) -> 0 | I49: =+H49*D49 -> 0
B50: LAVADORA – SECADORA | C50: - Capacidad de lavado: mínimo 20 kilogramos - Capacidad de secado: mínimo 10 kilogramos - Sistema de Control: Perilla o digital - Programas de Lavado: Entre 10 y 12 ciclos Nota: deberán estar dispuestas para uso directo de las personas acogidas. | D50: 1 | E50: 208600 | F50: =$D50*E50 -> 208600 | H50: =ROUND(G50,0) -> 0 | I50: =+H50*D50 -> 0
B51: 7. DOTACIÓN ÁREA DE BAÑOS
B52: CANECAS DE BASURA PARA BAÑO | C52: -Una (1) caneca de color negro para residuos no aprovechables con tapa y sistema de pedal en buen funcionamiento -Capacidad de 5 a 10 litros. -Material: plástico. NOTA: Que facilite su ubicación en el espacio disponible en los baños del inmueble a ofertar o donde operará la casa refugio. | D52: 6 | E52: 3400 | F52: =$D52*E52 -> 20400 | H52: =ROUND(G52,0) -> 0 | I52: =+H52*D52 -> 0
B53: 8. DOTACIÓN ÁREA SERVICIOS GENERALES
B54: LOCKER METÁLICO | C54: -Medidas: mínimo 180 cm alto x 63 cm ancho x 30 cm profundidad -Con entrepaños – 4 servicios -Sistema de seguridad | D54: 1 | E54: 18100 | F54: =$D54*E54 -> 18100 | H54: =ROUND(G54,0) -> 0 | I54: =+H54*D54 -> 0
B55: 9. DOTACIÓN ÁREA DE DORMITORIOS
B56: CAMAROTES | C56: - Material: madera o metálico con recubrimiento - Dos (2) servicios de tamaño sencillo - Sistema de ensamble seguro - Medidas: largo entre 190 cm y 200 cm, ancho entre 90 cm y 120 cm y alto entre 150 cm y 170 cm - Distancia entre el primer y segundo servicio aproximada de 80 centrimetros. - Cada camarote debe incluir: tendido de tablas completo,(que garantice la sostenibilidad de la persona al recostarse y sentarse, y que se ajusten de manera adecuada al ancho de la cama), una (1) escalera de acceso entre el primer y segundo servicio, una (1) baranda en el servicio superior (que evite caídas). - Cada cama debe contar con un (1) colchón/ colchoneta de composición en espuma de grosor de minimo 20 CM Menaje por cada cama o servicio: - Protector de colchón (nuevo) - Sábana (nueva) - Sobresábana (nueva) - Almohada con relleno poliéster, con protector y funda (nueva) - Cobija (nueva) Nota 1: Cuando se dispongan camarotes no se podrá ubicar en la parte superior niñas(os) menores de seis (6) años, personas con discapacidad, ni mujeres gestantes o en periodo de lactancia. Nota 2: Se deberá garantizar el ajuste periódico de los camarotes para evitar accidentes. Nota 3: El menaje por cada cama o servicio deberá adquirirse nuevo, previa suscripción del nuevo contrato, con el fin de garantizar condiciones de higiene. Nota 4: La supervisión podrá solicitar el cambio o reemplazo del menaje por cada cama o servicio cuando se evidencia desgaste, daño, malos olores u otras situaciones relacionadas con la higiene del elemento, lo cual deberá efectuarse en un término no mayor a ocho (8) días calendario. | D56: 11 | E56: 55500 | F56: =$D56*E56 -> 610500 | H56: =ROUND(G56,0) -> 0 | I56: =+H56*D56 -> 0
B57: CAMA-CUNA | C57: -Material: madera -Ensamble seguro -Medidas: largo entre 130 cm y 150 cm, ancho entre 70 cm y 80 cm y alto entre 70 cm y 80 cm -Con barandas, bisagras y pasador de seguridad, puerta horizontal que permita bajar un lado para facilitar el acceso al bebé. -Debe contar con un (1) colchón/colchoneta de composición en espuma de grosor de mínimo 12 cm Menaje por cada cama o servicio: El menaje debe ser acorde a las dimensiones del colchón o colchoneta correspondiente, garantizando una adecuada funcionalidad y presentación del espacio. -Protector de colchón (nuevo) -Sábana (nueva) -Sobre sábana (nueva) -Almohada con relleno poliéster, con protector y funda (nueva) -Cobija (nueva) | D57: 3 | E57: 43400 | F57: =$D57*E57 -> 130200 | H57: =ROUND(G57,0) -> 0 | I57: =+H57*D57 -> 0
B58: MUEBLE DE ALMACENAMIENTO (clóset o guarda ropa o armario) | C58: - Mueble de almacenamiento con mínimo dos (2) entrepaños fijos y tres (3) cajones independientes - Material: madera o polipropileno. - En óptimas condiciones de limpieza, funcionamiento, conservación y con sistema de seguridad. -Mueble con capacidad para ubicar ropa y objetos personales de las personas ubicadas. | D58: 6 | E58: 12300 | F58: =$D58*E58 -> 73800 | H58: =ROUND(G58,0) -> 0 | I58: =+H58*D58 -> 0
B59: CORRALES PARA BEBES | C59: -Material: en tubo y tela poliester -Con sistema de ruedas con freno en patas traseras que facilite el movimiento. -Que incluya cambiador -Disponibles en condiciones apropiadas de funcionamiento, higiene y aseo (sin manchas, rotos, malos olores, grietas). -Para el uso de niños y niñas hasta los 3 años. Nota 1: Este elemento deberá adquirirse nuevo, previa suscripción del nuevo contrato, con el fin de garantizar condiciones de higiene. Nota 2: La supervisión podrá solicitar el cambio o reemplazo de este elemento cuando se evidencia desgaste, daño, malos olores u otras situaciones relacionadas con la higiene del elemento, lo cual deberá efectuarse en un término no mayor a ocho (8) días calendario. | D59: 3 | E59: 11900 | F59: =$D59*E59 -> 35700 | H59: =ROUND(G59,0) -> 0 | I59: =+H59*D59 -> 0
B60: TOALLA PARA EL CUERPO | C60: - Material: en algodón - Medidas mínimas: ancho entre 60 cm y 70 cm y largo entre 100 cm y 120 cm - Condiciones adecuadas de limpieza y uso (sin manchas, sin rotos, sin deterioros en fibras, etc) Nota 1: Este elemento deberá adquirirse nuevo, previa suscripción del nuevo contrato, con el fin de garantizar condiciones de higiene. Nota 2: El equipo de apoyo a la supervisión podrá solicitar el cambio o reemplazo de este elemento cuando se evidencia desgaste, daño, malos olores u otras situaciones relacionadas con la higiene del elemento. | D60: 25 | E60: 5000 | F60: =$D60*E60 -> 125000 | H60: =ROUND(G60,0) -> 0 | I60: =+H60*D60 -> 0
B61: TOALLA PARA MANOS | C61: - Material: en algodón - Medidas aproximadas: ancho entre 38 cm y 45 cm y largo entre 63 cm y 76 cm - Condiciones adecuadas de limpieza y uso (sin manchas, sin rotos, sin deterioros en fibras, etc) Nota 1: Se entregará una (1) toalla para manos por núcleo familiar. Este elemento deberá adquirirse nuevo, previa suscripción del nuevo contrato, con el fin de garantizar condiciones de higiene. Nota 2: El equipo de apoyo a la supervisión podrá solicitar el cambio o reemplazo de este elemento cuando se evidencia desgaste, daño, malos olores u otras situaciones relacionadas con la higiene del elemento. | D61: 13 | E61: 5600 | F61: =$D61*E61 -> 72800 | H61: =ROUND(G61,0) -> 0 | I61: =+H61*D61 -> 0
B62: BOLSA DE ALMACENAMIENTO ROPA SUCIA | C62: - Bolsa para almacenamiento de ropa sucia tipo bolsa de lavandería. - Material: poliéster o algodón - Cierre de cuerda - Medidas aproximadas: ancho 60 cm y alto 80 cm Nota 1: Se entregará una (1) bolsa para almacenamiento ropa sucia por núcleo familiar. Este elemento deberá adquirirse nuevo, previa suscripción del nuevo contrato, con el fin de garantizar condiciones de higiene. Nota 2: El equipo de apoyo a la supervisión podrá solicitar el cambio o reemplazo de este elemento cuando se evidencia desgaste, daño, malos olores u otras situaciones relacionadas con la higiene del elemento. | D62: 11 | E62: 6200 | F62: =$D62*E62 -> 68200 | H62: =ROUND(G62,0) -> 0 | I62: =+H62*D62 -> 0
B63: 10. DOTACIÓN PARA EL USO DE LAS PROFESIONES DE CADA UNA DE LAS ÁREAS DE ATENCIÓN Y ÁREA DE COORDINACIÓN:
B64: COMPUTADOR DE ESCRITORIO TODO EN UNO | C64: -Para uso de Coordinadoras Administrativa, Coordinadora Técnica, Apoyo administrativo y Apoyo en gestión documental. -Sistema Operativo: Windows 11 Pro o Enterprise -Procesador Intel Core i5 o superior de 9 generación o superior -Cámara web HD integrada -Bluetooth -Memoria RAM: 8GB (mínimo) o superior -Disco Duro: 500 GB (mínimo) o superior en estado sólido -Tipo de Pantalla: Pantalla de 19” HD -Puerto Ethernet LAN -Conexión inalámbrica Wi-Fi -Puertos USB: 2 (mínimo) -Licencias Microsoft Office 365 -Fecha de fabricación 2022 en adelante Nota: Las características anteriores son los mínimos requeridos y podrán presentarse características superiores de todos los elementos | D64: 4 | E64: 211700 | F64: =$D64*E64 -> 846800 | H64: =ROUND(G64,0) -> 0 | I64: =+H64*D64 -> 0
B65: COMPUTADOR PORTATIL | C65: -Para uso de las profesionales de las áreas de atención. -Sistema operativo Windows 11 Pro o Enterprise -Procesador Intel Core i5 o superior de 9 generación o superior. -Cámara web HD integrada -Bluetooth -Memoria RAM 8GB o superior -Disco duro 500 GB o superior en estado sólido -Puerto Ethernet LAN -Conexión inalámbrica Wi-Fi -Conexión HDMI -Tamaño pantalla (pulgadas) 14" -Puerto USB: 2 (mínimo) -Licencia Microsoft Office 365 -Fecha de fabricación 2022 en adelante Nota: Las características anteriores son los mínimos requeridos y podrán presentarse características superiores de todos los elementos | D65: 6 | E65: 132900 | F65: =$D65*E65 -> 797400 | H65: =ROUND(G65,0) -> 0 | I65: =+H65*D65 -> 0
B66: IMPRESORA MULTIFUNCIONAL | C66: - Servicios: impresión, copiado y escaneado - Impresión en tecnología laser - Conexión USB, Ethernet - Capacidad de entrada 250 hojas mínimo - Bandeja de hojas multiusos 100 hojas mínimo - Alimentación automática - Velocidad de impresión negro 22 ppm mínimo - Velocidad de impresión color 21 ppm mínimo - Escáner cama baja y OCR - Velocidad de escaneo 26 ppm mínimo Nota: las características anteriores son los mínimos requeridos y podrán presentarse características superiores de todos los elementos. | D66: 1 | E66: 121600 | F66: =$D66*E66 -> 121600 | H66: =ROUND(G66,0) -> 0 | I66: =+H66*D66 -> 0
B67: TELÉFONO CELULAR | C67: - Almacenamiento 128 GB o superior - Memoria RAM 6 GB o superior - Cámara 13 MP o superior - Sistema Operativo Android Snow Cone o superior - Pantalla 6.1” - Para su uso, se debe adquirir servicio de identificador de llamada, número oculto o privado. Nota: las características anteriores son los mínimos requeridos y podrán presentarse características superiores de todos los elementos. | D67: 2 | E67: 35300 | F67: =$D67*E67 -> 70600 | H67: =ROUND(G67,0) -> 0 | I67: =+H67*D67 -> 0
B68: ESCRITORIO | C68: -Material: metálico o madera o madera aglomerada o MDP. -Cajones o entrepaños: mínimo 2 -Ancho (profundidad): medidas mínimas entre 40 cm y 50 cm -Alto: medidas mínimas entre 70 cm y 75 cm -Largo: medidas mínimas entre 100 cm y 120 cm | D68: 10 | E68: 41700 | F68: =$D68*E68 -> 417000 | H68: =ROUND(G68,0) -> 0 | I68: =+H68*D68 -> 0
B69: SILLA TIPO OFICINA | C69: -Base metálica y patas con ruedas de fácil desplazamiento en buenas condiciones de funcionamiento. -Ergonómica, sin brazos y tapizada -Grosor de espaldar y asiento: entre 4 cm y 5 cm. -Altura total de la silla: medidas mínimas entre 80 cm y 90 cm -Altura de piso a base: medidas mínimas entre 40 cm y 50 cm -Profundidad: medidas mínimas entre 40 cm y 60 cm. | D69: 16 | E69: 12000 | F69: =$D69*E69 -> 192000 | H69: =ROUND(G69,0) -> 0 | I69: =+H69*D69 -> 0
B70: ARCHIVADOR | C70: -Material metálico o de madera para el archivo en área de coordinación y áreas de atención. -Mínimo tres (3) gavetas. -Con sistema de cierre y chapa de seguridad en buen funcionamiento. | D70: 7 | E70: 16400 | F70: =$D70*E70 -> 114800 | H70: =ROUND(G70,0) -> 0 | I70: =+H70*D70 -> 0
B71: DOTACIÓN DE ÁREA DE ORIENTACIÓN, GESTIÓN Y SEGUIMIENTO EN SERVICIOS DE SALUD Y NUTRICIÓN
B72: CAMILLA FIJA | C72: -Camilla fija para consultorio | D72: 1 | E72: 23100 | F72: =$D72*E72 -> 23100 | H72: =ROUND(G72,0) -> 0 | I72: =+H72*D72 -> 0
B73: BALANZA PESA PERSONAS DE PISO PORTÁTIL | C73: - Tipo: clase III (se refiere a la capacidad o exactitud media de un instrumento, de acercarse al valor de la magnitud real). - Funciones: “Step off”, Auto-HOLD y desconexión automática - División de escala: 50 g < 150 Kg > 100 g - Capacidad máxima: 200 Kg. - Dimensiones aproximadas: largo: 30 cm a 38 cm; alto: 4 cm a 10 cm; y ancho: 25 cm a 35 cm - Alimentación: batería y/o baterías recargables. - Materiales: superficie de caucho antideslizante estructurado y marco de acero integrado. - Limpieza: Se debe poder limpiar y desinfectar con todos los agentes de limpieza de uso comercial. - Sello que indique que su fabricación cumple con los mínimos requisitos legales y técnicos en el país de origen o en Colombia. - Garantía mínima de un (1) año de conformidad con lo estipulado en el capítulo 1 del título 1 de la Ley 1480 de 2011 (Estatuto de Protección al Consumidor). | D73: 1 | E73: 4300 | F73: =$D73*E73 -> 4300 | H73: =ROUND(G73,0) -> 0 | I73: =+H73*D73 -> 0
B74: BALANZA PESA BEBÉS | C74: - Tipo: clase III (se refiere a la capacidad o exactitud media de un instrumento, de acercarse al valor de la magnitud real). - Digital con función TARA, Auto-HOLD, conmutación kg/lbs. - División de escala: 5 g < 10 Kg > 10 g - Capacidad máxima: 20 Kg. - Dimensiones aproximadas: largo: 62 cm a 64 cm; alto: 10 cm a 13 cm; y ancho: 29 cm a 33 cm. - Alimentación: batería y/o baterías recargables. - Materiales: superficie de pesaje antideslizante en polímero que garantice la resistencia. -Base en acero inoxidable o en material que garantice la resistencia, estabilidad y durabilidad del instrumento. - Limpieza: se debe poder limpiar y desinfectar con todos los agentes de limpieza de uso comercial. - Sello que indique que su fabricación cumple con los mínimos requisitos legales y técnicos en el país de origen o en Colombia. - Garantía mínima de un (1) año de conformidad con lo estipulado en el capítulo 1 del título 1 de la Ley 1480 de 2011 (Estatuto de Protección al Consumidor). | D74: 1 | E74: 12500 | F74: =$D74*E74 -> 12500 | H74: =ROUND(G74,0) -> 0 | I74: =+H74*D74 -> 0
B75: TALLIMETRO | C75: -Para medir la talla o estatura en personas mayores de 2 años. -Rango de medición: 20 cm – 205 cm - División de escala: 1 mm -Dimensiones aproximadas: ancho: 33 cm a 38 cm; alto: 200 cm a 215 cm; profundidad: 55 cm a 59 cm. - Con base o plataforma que brinde estabilidad, tope móvil y desmontable. - Material: polímero que garantice la estabilidad dimensional, en las distintas condiciones medio ambientales. - Mantenimiento: Se debe poder limpiar y desinfectar con todos los agentes de limpieza de uso comercial. - Sello que indique que su fabricación cumple con los mínimos requisitos legales y técnicos en el país de origen o en Colombia. - Garantía mínima de un (1) año de conformidad con lo estipulado en el capítulo 1 del título 1 de la Ley 1480 de 2011 (Estatuto de Protección al Consumidor). | D75: 1 | E75: 7800 | F75: =$D75*E75 -> 7800 | H75: =ROUND(G75,0) -> 0 | I75: =+H75*D75 -> 0
B76: INFANTÓMETRO | C76: - Para medir la longitud de niños y niñas menores de dos años en posición horizontal (acostado). - Rango de medición: 10 cm a 120 cm aproximadamente. - División de escala: 1 mm - Dimensiones aproximadas: largo: 107 cm a 112 cm; alto: 10 cm a 12 cm; ancho: 32 cm a 34 cm. - Materiales: que garanticen la estabilidad dimensional, en las distintas condiciones medio ambientales, acabado liso. - Con un tope fijo para la cabeza y otro móvil para los pies, firme sobre las guías - Limpieza: Se debe poder limpiar y desinfectar con todos los agentes de limpieza de uso comercial - Sello que indique que su fabricación cumple con los mínimos requisitos legales y técnicos en el país de origen o en Colombia. - Garantía mínima de un (1) año de conformidad con lo estipulado en el capítulo 1 del título 1 de la Ley 1480 de 2011 (Estatuto de Protección al Consumidor). | D76: 1 | E76: 9400 | F76: =$D76*E76 -> 9400 | H76: =ROUND(G76,0) -> 0 | I76: =+H76*D76 -> 0
B77: CINTA MÉTRICA ERGONÓMICA | C77: - Rango de medición: 0 cm a 205 cm. - División de escala: 1 mm. - Dimensiones: largo: 7,0 cm; alto: 2,2 cm; y ancho: 6,5 cm. - Funciones: medición móvil. - Sello que indique que su fabricación cumple con los mínimos requisitos legales y técnicos en el país de origen o en Colombia. - Garantía mínima de un (1) año de conformidad con lo estipulado en el capítulo 1 del título 1 de la Ley 1480 de 2011 (Estatuto de Protección al Consumidor). | D77: 1 | E77: 9000 | F77: =$D77*E77 -> 9000 | H77: =ROUND(G77,0) -> 0 | I77: =+H77*D77 -> 0
B78: TENSIÓMETRO | C78: - Tensiómetro digital de brazo - Detector de latido irregular. - Guía de ajuste del brazalete. - Hasta 60 memorias con fecha y hora. - Brazalete universal (22 - 42 cms) - Indicador del nivel de la presión arterial - Brazalete pediátrico con manguera y conectores universales con rango de circunferencia del brazo: 15 a 22 cm. - Diseño ergonómico con cierre de velcro ajustable para los brazaletes. Nota: El tensiómetro deberá permitir la medición de la presión arterial tanto en personas adultas como en pacientes pediátricos, garantizando la disponibilidad de los brazaletes o adaptadores necesarios para realizar una lectura adecuada y segura conforme a las características de cada persona. | D78: 1 | E78: 9600 | F78: =$D78*E78 -> 9600 | H78: =ROUND(G78,0) -> 0 | I78: =+H78*D78 -> 0
B79: FONENDOSCOPIO | C79: -Fonendoscopio | D79: 1 | E79: 6500 | F79: =$D79*E79 -> 6500 | H79: =ROUND(G79,0) -> 0 | I79: =+H79*D79 -> 0
B80: GLUCÓMETRO | C80: - Sistema digital - Debe tener tirillas reactivas de acuerdo a la marca del glucómetro y lancetas en frasco Nota: Se deberán garantizar tirillas reactivas compatibles con el glucómetro durante la ejecución contractual. | D80: 1 | E80: 7000 | F80: =$D80*E80 -> 7000 | H80: =ROUND(G80,0) -> 0 | I80: =+H80*D80 -> 0
B81: PULSIOXIMETRO ADULTO | C81: - Dispositivo digital para medición de saturación de oxígeno (SpO₂) y frecuencia de pulso (PRbpm). - Incluye visualización de índice de perfusión (PI) y curva pletismográfica. - Alimentación: batería. Indicador de batería baja. | D81: 1 | E81: 7200 | F81: =$D81*E81 -> 7200 | H81: =ROUND(G81,0) -> 0 | I81: =+H81*D81 -> 0
B82: PULSIOXIMETRO PEDIÁTRICO | C82: - Dispositivo digital para medición de saturación de oxígeno (SpO₂) y frecuencia de pulso (PRbpm). - Incluye visualización de índice de perfusión (PI) y curva pletismográfica. - Alimentación: batería. Indicador de batería baja. | D82: 1 | E82: 8300 | F82: =$D82*E82 -> 8300 | H82: =ROUND(G82,0) -> 0 | I82: =+H82*D82 -> 0
B83: TERMOHIGROMETRO DIGITAL | C83: - Termohigrómetro digital, con capacidad para mostrar temperatura, humedad y tiempo simultáneamente. - Memoria de valor de medición MAX y MIN. - Sistema de visualización de 12 horas / 24 horas, Seleccionable. - Unidad de medición C / F. - Colocación en la mesa o colgar en la pared. - Rango de temperatura: -10°C a 50°C. - Alimentación: batería y/o baterías recargables. - Dimensiones aproximadas: largo: 1 cm a 3 cm, altura: 9 cm a 11 cm y ancho: 8 cm a 10 cm. | D83: 1 | E83: 7800 | F83: =$D83*E83 -> 7800 | H83: =ROUND(G83,0) -> 0 | I83: =+H83*D83 -> 0
... B94: RELOJ DE PARED DIGITAL | C94: -Reloj de pared digital con hora, fecha, alarma, termómetro. -Material Plástico, -Ancho 20 cm a 30 cm, diseño cuadrado. | D94: 1 | E94: 10900 | F94: =$D94*E94 -> 10900 | H94: =ROUND(G94,0) -> 0 | I94: =+H94*D94 -> 0
B95: 11. DOTACIÓN PARA EL ÁREA PARA EL DESARROLLO DE ACTIVIDADES COLECTIVAS, LÚDICO-PEDAGÓGICAS Y/O DE ESPARCIMIENTO
B96: TELEVISOR DIAGONAL | C96: - Sistema Smart TV - Tamaño de pantalla de 50 pulgadas - Resolución de pantalla 4K-UHD Nota: Las características anteriores son las mínimas requeridos y podrán presentarse características superiores del elemento. | D96: 1 | E96: 178500 | F96: =$D96*E96 -> 178500 | H96: =ROUND(G96,0) -> 0 | I96: =+H96*D96 -> 0
B97: VIDEOPROYECTOR O VIDEO BEAM | C97: - 3000 a 4000 Lumens Color - Puertos de entrada y salida HDMI y USB - Resolución de imagen FHD - Opciones de conectividad: Conexión con Cable, USB y WiFi Nota: Las características anteriores son las mínimas requeridos y podrán presentarse características superiores del elemento. | D97: 1 | E97: 56700 | F97: =$D97*E97 -> 56700 | H97: =ROUND(G97,0) -> 0 | I97: =+H97*D97 -> 0
B98: PARLANTE INALÁMBRICO BLUETOOTH | C98: - Conexión inalámbrica y Conectividad Bluetooth - Potencia RMS mínimo 30 Watts - Con altavoz activo y amplificador incorporado - Portable Nota: Las características anteriores son las mínimas requeridos y podrán presentarse características superiores del elemento. | D98: 1 | E98: 120000 | F98: =$D98*E98 -> 120000 | H98: =ROUND(G98,0) -> 0 | I98: =+H98*D98 -> 0
B99: ESTACIÓN DE RECICLAJE O PUNTOS ECOLÓGICOS | C99: -Tres (3) canecas 1 de color blanco, 1 de color verde y 1 de color negro conforme a la Resolución 2184 de 2019 -Cada caneca debe tener tapa con sistema vaivén -Material polietileno, tubo cuadrado CR de 1pg x cal 1 platina de 1pg x 1/8pg y lamina CR x cal. 18 terminado en pintura electrostática negra -Soporte: Largo 40-60 cm, ancho de 85-140 cm -Capacidad 44-50 lts | D99: 1 | E99: 20600 | F99: =$D99*E99 -> 20600 | H99: =ROUND(G99,0) -> 0 | I99: =+H99*D99 -> 0
B100: RELOJ DE PARED | C100: -Reloj de pared con visualización adecuada de la númeración -Material Plástico, -Diámetro o ancho mínimo entre 20 y 30 cm. | D100: 1 | E100: 3800 | F100: =$D100*E100 -> 3800 | H100: =ROUND(G100,0) -> 0 | I100: =+H100*D100 -> 0
B101: ÁREA DE ORIENTACIÓN, GESTIÓN Y SEGUIMIENTO DE SERVICIOS EN SALUD | E101: 0 | H101: =ROUND(G101,0) -> 0 | I101: =+H101*D101 -> 0
B102: TABLA ESPINAL LARGA | C102: Tabla espinal larga | D102: 1 | E102: 20090 | F102: =$D102*E102 -> 20090 | H102: =ROUND(G102,0) -> 0 | I102: =+H102*D102 -> 0
B103: TENSIÓMETRO MANUAL | C103: Tensiómetro manual | D103: 1 | E103: 9520 | F103: =$D103*E103 -> 9520 | H103: =ROUND(G103,0) -> 0 | I103: =+H103*D103 -> 0
B104: FONENDOSCOPIO | C104: Fonendoscopio | D104: 1 | E104: 12790 | F104: =$D104*E104 -> 12790 | H104: =ROUND(G104,0) -> 0 | I104: =+H104*D104 -> 0
B105: 3. DOTACIÓN ÁREA DE COCINA Y PREPARACIÓN DE ALIMENTOS - ÚNICA RECONOCIMIENTO
B106: TABLERO ACRÍLICO LISO | C106: -Tablero de MDF de alta densidad con acabado en fórmica brillante de alto impacto, práctico de limpiar y desinfectar. -Cubierta de aluminio para los bordes. -Dimensiones aproximadas: ancho: 78 cm a 80 cm, alto: 58 cm a 60 cm y espesor: 1 cm. Nota: este tablero será utilizado al interior del servicio de alimentos, con el fin de registrar los planes de alimentación y/o modificaciones alimentarias de cada persona acogida para el conocimiento de las operarias de cocina. | D106: 1 | E106: 12990 | F106: =$D106*E106 -> 12990 | H106: =ROUND(G106,0) -> 0 | I106: =+H106*D106 -> 0
B107: CAJA DE PLÁSTICO CON TAPA | C107: - Material: plástico. - Medidas aproximadas: largo: 30 cm a 35 cm, ancho: 20 a 25 cm y altura: 10 cm a 13 cm. - Capacidad: 5 a 6 litros. Nota: uso exclusivo para el almacenamiento de las contramuestras de alimentos. | D107: 2 | E107: 1790 | F107: =$D107*E107 -> 3580 | H107: =ROUND(G107,0) -> 0 | I107: =+H107*D107 -> 0
B108: 12. DOTACIÓN PARA LA HUERTA AGROECOLÓGICA VERTICAL
B109: ANGEO ANTITRIPS | C109: - Angeo antitrips para el control de vectores de los cajones. - Dimensiones aproximadas: Altura: entre 3 y 4 mts Largo/ rollo por entre 10 y 20 mts. Material: plástico. Color: Blanco | D109: 4 | E109: 48000 | F109: =$D109*E109 -> 192000 | H109: =ROUND(G109,0) -> 0 | I109: =+H109*D109 -> 0
B110: PLANTADOR DE BOLSILLOS VERTICAL | C110: - Plantador de bolsillos vertical en tela de fieltro con 15 bolsillos. - Dimensiones aproximadas: Alto: entre 100 y 120 cm Ancho: entre 60 y 80 cm.. Material: tela de fieltro | D110: 1 | E110: 7990 | F110: =$D110*E110 -> 7990 | H110: =ROUND(G110,0) -> 0 | I110: =+H110*D110 -> 0
B111: CANASTILLAS PLÁSTICAS PARA SIEMBRA | C111: - Cinco (5) canastillas en material plástico para siembra - Dimensiones aproximadas: Largo entre 40 cm a 45 cm, Ancho entre 25 cm a 30 cm y Altura entre 15 cm y 18 cm. - Sin tapa - Con manijas que facilite cargar el elemento Nota: Este elemento solo aplica cuando de acuerdo con las características del inmueble, no se permite la siembra directamente sobre el suelo. | D111: 5 | E111: 1900 | F111: =$D111*E111 -> 9500 | H111: =ROUND(G111,0) -> 0 | I111: =+H111*D111 -> 0
B112: HERRAMIENTAS DE TRABAJO | C112: - Palín hoyador | D112: 1 | E112: 4990 | F112: =$D112*E112 -> 4990 | H112: =ROUND(G112,0) -> 0 | I112: =+H112*D112 -> 0
C113: - Azadón | D113: 1 | E113: 5600 | F113: =$D113*E113 -> 5600 | H113: =ROUND(G113,0) -> 0 | I113: =+H113*D113 -> 0
C114: - Escobilla de hojas/ Rastrillo | D114: 3 | E114: 3090 | F114: =$D114*E114 -> 9270 | H114: =ROUND(G114,0) -> 0 | I114: =+H114*D114 -> 0
C115: - Tridentes | D115: 2 | E115: 1650 | F115: =$D115*E115 -> 3300 | H115: =ROUND(G115,0) -> 0 | I115: =+H115*D115 -> 0
C116: - Tijeras | D116: 2 | E116: 4490 | F116: =$D116*E116 -> 8980 | H116: =ROUND(G116,0) -> 0 | I116: =+H116*D116 -> 0
C117: - Guantes Poliester Latex (para uso jardinería o agricultura) | D117: 6 | E117: 1490 | F117: =$D117*E117 -> 8940 | H117: =ROUND(G117,0) -> 0 | I117: =+H117*D117 -> 0
C118: - Regadera | D118: 2 | E118: 2190 | F118: =$D118*E118 -> 4380 | H118: =ROUND(G118,0) -> 0 | I118: =+H118*D118 -> 0
C119: - Balde plástico | D119: 2 | E119: 2490 | F119: =$D119*E119 -> 4980 | H119: =ROUND(G119,0) -> 0 | I119: =+H119*D119 -> 0
C120: - Manguera Jardín x 20 Mts | D120: 1 | E120: 7190 | F120: =$D120*E120 -> 7190 | H120: =ROUND(G120,0) -> 0 | I120: =+H120*D120 -> 0
...

Sheet 7. HUERTA AGRO_RU
B3: SECRETARIA DISTRITAL DE LA MUJER
B4: ANEXO DE OFERTA ECONÓMICA LOTE 2 MODALIDAD RURAL - HOJA 7. MATERIALES E INSUMOS PARA EL DESARROLLO DE ACTIVIDADES DE SIEMBRA, MANTENIMIENTO Y COSECHA EN LA HUERTA AGROECOLÓGICA RECONOCIDOS A DEMANDA - SISTEMA PISO
B6: MATERIALES E INSUMOS PARA EL DESARROLLO DE ACTIVIDADES DE SIEMBRA, MANTENIMIENTO Y COSECHA EN LA HUERTA AGROECOLÓGICA RECONOCIDOS A DEMANDA | G6: PRESUPUESTO 2026
B7: NECESIDAD | C7: ESPECIFICACIONES | D7: CANTIDAD | E7: COSTO UNITARIO MÁXIMO (Incluido Iva) | F7: COSTO TOTAL MÁXIMO (Incluido Iva) | G7: COSTO UNITARIO OFERTADO (Incluido Iva) | H7: COSTO UNITARIO REDONDEADO (Incluido Iva) | I7: COSTO TOTAL OFERTADO (Incluido Iva)
B8: PLÁNTULAS: Se requiere sumistrar plántulas, las cuales deben ser fuertes, adquiridas a raíz desnuda con unas medidas entre 5 y 8 cm. Se deberá garantizar la disponibilidad de especies nativas promisorias andinas y otras pertinentes para el cultivo en huerta (comestibles, hortalizas, aromáticas y medicinales) teniendo en cuenta las siguientes especies: | C8: Acelga - Beta vulgaris var. Vulgaris | D8: 1 | E8: 1200 | F8: =$D8*E8 -> 1200 | H8: =ROUND(G8,0) -> 0 | I8: =+H8*D8 -> 0
C9: Ajo - Allium sativum | D9: 1 | E9: 1000 | F9: =$D9*E9 -> 1000 | H9: =ROUND(G9,0) -> 0 | I9: =+H9*D9 -> 0
C10: Albahaca – Ocimum basilicum | D10: 1 | E10: 1200 | F10: =$D10*E10 -> 1200 | H10: =ROUND(G10,0) -> 0 | I10: =+H10*D10 -> 0
C11: Arveja – Pisum sativum | D11: 1 | E11: 1100 | F11: =$D11*E11 -> 1100 | H11: =ROUND(G11,0) -> 0 | I11: =+H11*D11 -> 0
C12: Calabacín – Curubita pepo var. | D12: 1 | E12: 1800 | F12: =$D12*E12 -> 1800 | H12: =ROUND(G12,0) -> 0 | I12: =+H12*D12 -> 0
C13: Caléndula – Calendula officinalis | D13: 1 | E13: 1200 | F13: =$D13*E13 -> 1200 | H13: =ROUND(G13,0) -> 0 | I13: =+H13*D13 -> 0
C14: Cidrón – Lippia triphylla | D14: 1 | E14: 2500 | F14: =$D14*E14 -> 2500 | H14: =ROUND(G14,0) -> 0 | I14: =+H14*D14 -> 0
C15: Cilantro – Coriandrum sativum | D15: 1 | E15: 1500 | F15: =$D15*E15 -> 1500 | H15: =ROUND(G15,0) -> 0 | I15: =+H15*D15 -> 0
C16: Espinaca – Spinacia oleracea | D16: 1 | E16: 1200 | F16: =$D16*E16 -> 1200 | H16: =ROUND(G16,0) -> 0 | I16: =+H16*D16 -> 0
C17: Lechuga - Lactuca sativa | D17: 1 | E17: 1000 | F17: =$D17*E17 -> 1000 | H17: =ROUND(G17,0) -> 0 | I17: =+H17*D17 -> 0
C18: Manzanilla - Matricaria chamomilla | D18: 1 | E18: 1200 | F18: =$D18*E18 -> 1200 | H18: =ROUND(G18,0) -> 0 | I18: =+H18*D18 -> 0
C19: Menta - Mentha piperita | D19: 1 | E19: 1200 | F19: =$D19*E19 -> 1200 | H19: =ROUND(G19,0) -> 0 | I19: =+H19*D19 -> 0
C20: Orégano - Origanum vulgare | D20: 1 | E20: 1200 | F20: =$D20*E20 -> 1200 | H20: =ROUND(G20,0) -> 0 | I20: =+H20*D20 -> 0
... C28: Tomate – Solanum Lycopersicum | D28: 1 | E28: 1200 | F28: =$D28*E28 -> 1200 | H28: =ROUND(G28,0) -> 0 | I28: =+H28*D28 -> 0
B29: INSUMOS | C29: Bandejas de germinación o plantulación (32 o más alveolos) (unidad) | D29: 1 | E29: 12000 | F29: =$D29*E29 -> 12000 | H29: =ROUND(G29,0) -> 0 | I29: =+H29*D29 -> 0
C30: Tierra negra para uso en actividades de agricultura - jardineria y/o cultivos (1 bulto por 40 kilogramos) | D30: 1 | E30: 19800 | F30: =$D30*E30 -> 19800 | H30: =ROUND(G30,0) -> 0 | I30: =+H30*D30 -> 0
C31: Cascarilla de arroz cantidad 1 kilos | D31: 1 | E31: 8900 | F31: =$D31*E31 -> 8900 | H31: =ROUND(G31,0) -> 0 | I31: =+H31*D31 -> 0
C32: Compostaje o lombricompuesto (Bulto) 40 KILOS | D32: 1 | E32: 113500 | F32: =$D32*E32 -> 113500 | H32: =ROUND(G32,0) -> 0 | I32: =+H32*D32 -> 0
C33: Abonos orgánico liquido 1 litro | D33: 1 | E33: 27000 | F33: =$D33*E33 -> 27000 | H33: =ROUND(G33,0) -> 0 | I33: =+H33*D33 -> 0
C34: Biopesticidas 1 litro | D34: 1 | E34: 27000 | F34: =$D34*E34 -> 27000 | H34: =ROUND(G34,0) -> 0 | I34: =+H34*D34 -> 0
B35: FERTILIZACIÓN Y CONTROL FITOSANITARIO | C35: Extracto neem 1 litro | D35: 1 | E35: 49000 | F35: =$D35*E35 -> 49000 | H35: =ROUND(G35,0) -> 0 | I35: =+H35*D35 -> 0
C36: Microorganismos eficientes EMS 1 litro | D36: 1 | E36: 20000 | F36: =$D36*E36 -> 20000 | H36: =ROUND(G36,0) -> 0 | I36: =+H36*D36 -> 0
B37: MINERALES | C37: Sulfato (Bolsa por 500 gramos) Nota: En caso de ser requerido | D37: 1 | E37: 4500 | F37: =$D37*E37 -> 4500 | H37: =ROUND(G37,0) -> 0 | I37: =+H37*D37 -> 0
C38: Magnesio(Bolsa por 500 gramos) Nota: En caso de ser requerido | D38: 1 | E38: 38200 | F38: =$D38*E38 -> 38200 | H38: =ROUND(G38,0) -> 0 | I38: =+H38*D38 -> 0
C39: Calcio (Bolsa por 500 gramos) Nota: En caso de ser requerido | D39: 1 | E39: 38000 | F39: =$D39*E39 -> 38000 | H39: =ROUND(G39,0) -> 0 | I39: =+H39*D39 -> 0
C40: CAL (Bulto de 50 kilogramos) | D40: 1 | E40: 29900 | F40: =$D40*E40 -> 29900 | H40: =ROUND(G40,0) -> 0 | I40: =+H40*D40 -> 0
B41: TOTAL MATERIALES E INSUMOS HUERTA AGROECOLÓGICA | F41: =SUM(F8:F40) -> 415200 | I41: =SUM(I8:I40) -> 0
